 Dungeon Crawl Stone Soup version 0.27-a0-679-g77a6b55cf3 (webtiles) character file.

Game seed: 15591492240914707149

1448574 BlueFish the Swordmaster (level 27, -5/409 HPs)
             Began as a Minotaur Fighter on Mar 17, 2021.
             Was the Champion of Zin.
             Killed by divine providence
             ... invoked by a royal mummy
              (11 damage)
             ... on level 13 of a ziggurat on Mar 19, 2021.
             The game lasted 07:40:08 (131691 turns).

BlueFish the Swordmaster (Minotaur Fighter)       Turns: 131691, Time: 07:40:08

Health: -5/409     AC: 45    Str: 39    XL:     27
Magic:  21/21      EV: 42    Int: 13    God:    Zin [******]
Gold:   16119      SH: 25    Dex: 41    Spells: 32/32 levels left

rFire    + + +     SeeInvis .   e - +9 eudemon blade (holy)
rCold    + + +     Faith    .   M - +2 shield of Resistance {rF++ rC++ Will++}
rNeg     + + .     Spirit   .   X - +12 gold dragon scales
rPois    ∞         Reflect  .   m - -2 hat of the Alchemist {rElec rPois rF+ rC+ rN+ Will+ rMut rCorr}
rElec    +         Harm     .   O - scarf {shadows}
rCorr    +         Rampage  +   z - +2 pair of gloves {Dex+3}
rMut     +                      T - +2 pair of boots {rampage}
Will     +++++                  E - amulet "Dabibini" {+Blink rN+ Will+++ Regen+ MP-9}
Stlth    ..........             U - ring of Skepticism {rElec Str+6 Int+3}
HPRegen  1.78/turn              a - ring of the Sturgeon {Will+ MP-9 Int-2 Dex+9 Slay+6}
MPRegen  0.17/turn

@: berserking (expiring), lethally poisoned (-5 -> -5), vitalised, recite
cooldown, slowed, studying 3 skills
A: horns 2, retaliatory headbutt, dopey 1
}: 15/15 runes: decaying, slimy, silver, golden, iron, obsidian, icy, bone,
abyssal, demonic, glowing, magical, fiery, dark, gossamer
a: Renounce Religion, Evoke Blink, Recite, Vitalisation, Imprison, Sanctuary,
Donate Gold


You were on level 13 of a ziggurat.
You worshipped Zin.
Zin was exalted by your worship.
You visited 17 branches of the dungeon, and saw 85 of its levels.
You visited Pandemonium 2 times, and saw 14 of its levels.
You visited the Abyss 4 times.
You visited 2 ziggurats, and saw 18 of their levels (deepest: 13).
You also visited: Trove, Gauntlet and Wizlab.

You collected 20554 gold pieces.
You spent 3863 gold pieces at shops.
You donated 572 gold pieces to Zin.

Inventory:

Hand Weapons
 e - a +9 eudemon blade of holy wrath (weapon)
Missiles
 x - 3 silver boomerangs (quivered)
 y - 24 silver javelins
Armour
 k - a scarf of resistance
 m - the -2 hat of the Alchemist (worn) {rElec rPois rF+ rC+ rN+ Will+ rMut rCorr}
   (You found it on level 9 of a ziggurat)

   It protects you from fire.
   It protects you from cold.
   It insulates you from electricity.
   It protects you from poison.
   It protects you from negative energy.
   It affects your willpower, your defense against some magical effects.
   It provides partial protection from all sources of acid and corrosion.
   It protects you from mutation.
 z - a +2 pair of gloves of dexterity (worn)
 M - the +2 shield of Resistance (worn) {rF++ rC++ Will++}
   (You found it on level 6 of the Lair of Beasts)

   It greatly protects you from fire.
   It greatly protects you from cold.
   It affects your willpower, your defense against some magical effects.
 O - a scarf of shadows (worn)
 T - a +2 pair of boots of rampaging (worn)
 W - the +2 cloak of the Thief {*Fog Slay-2 SInv Stlth+}
   (You found it in a Gauntlet)

   It affects your accuracy and damage with ranged weapons and melee attacks
   (-2).
   It lets you see invisible.
   It makes you more stealthy.
 X - +12 gold dragon scales (worn)
 Y - a +2 tower shield of reflection
Jewellery
 a - the ring of the Sturgeon (left hand) {Will+ MP-9 Int-2 Dex+9 Slay+6}
   (You found it in a treasure trove)

   [ring of willpower]

   It affects your intelligence (-2).
   It affects your dexterity (+9).
   It affects your accuracy and damage with ranged weapons and melee attacks
   (+6).
   It affects your willpower, your defense against some magical effects.
   It affects your magic capacity (-9).
 g - the ring "Teifucvu" {rF+ rC- rCorr Str+3 Dex+6}
   (You found it in a treasure trove)

   [ring of resist corrosion]

   It affects your strength (+3).
   It affects your dexterity (+6).
   It protects you from fire.
   It makes you vulnerable to cold.
   It provides partial protection from all sources of acid and corrosion.
 h - the amulet of the Four Winds {rN+ Will+++ Clar}
   (You found it on level 5 of the Vaults)

   [amulet of nothing]

   It protects you from negative energy.
   It affects your willpower, your defense against some magical effects.
   It protects you against confusion.
 C - the ring "Zuopresu" {rN+ Will+ Int+7 SInv}
   (You took it off an iron imp on level 7 of the Iron City of Dis)

   [ring of willpower]

   It affects your intelligence (+7).
   It protects you from negative energy.
   It affects your willpower, your defense against some magical effects.
   It lets you see invisible.
 E - the amulet "Dabibini" (around neck) {+Blink rN+ Will+++ Regen+ MP-9}
   (You found it on level 7 of a ziggurat)

   [amulet of regeneration]

   It protects you from negative energy.
   It affects your willpower, your defense against some magical effects.
   It affects your magic capacity (-9).
   It lets you blink.
   It increases your rate of regeneration.
 F - the ring of Day {*Drain Str+4 Dex+4 Slay+4 SInv}
   (You found it in a treasure trove)

   [ring of see invisible]

   It affects your strength (+4).
   It affects your dexterity (+4).
   It affects your accuracy and damage with ranged weapons and melee attacks
   (+4).
   It lets you see invisible.
   It causes draining when unequipped.
 J - a ring of see invisible
 P - a ring of protection from cold
 S - the necklace of Bloodlust {*Rage +Rage Will++ Int-3 Slay+6}
   (You found it on level 11 of a ziggurat)

   [amulet of nothing]

   It affects your intelligence (-3).
   It affects your accuracy and damage with ranged weapons and melee attacks
   (+6).
   It affects your willpower, your defense against some magical effects.
   It lets you go berserk.
   It may make you go berserk in combat.
 U - the ring of Skepticism (right hand) {rElec Str+6 Int+3}
   (You found it on level 3 of the Tomb of the Ancients)

   [ring of strength]

   It affects your strength (+6).
   It affects your intelligence (+3).
   It insulates you from electricity.
 V - the ring "Harinyba" {rN+ Will+}
   (You took it off a frost giant on level 3 of the Depths)

   [ring of positive energy]

   It protects you from negative energy.
   It affects your willpower, your defense against some magical effects.
 Z - the ring of Dahass {+Inv rF+ rCorr Str+5}
   (You found it on level 3 of the Tomb of the Ancients)

   [ring of resist corrosion]

   It affects your strength (+5).
   It protects you from fire.
   It lets you turn invisible.
   It provides partial protection from all sources of acid and corrosion.
Scrolls
 b - 10 scrolls of blinking
 c - 4 scrolls of fear
 o - 13 scrolls of magic mapping
 v - 14 scrolls of teleportation
 D - 21 scrolls of amnesia
 G - 16 scrolls of enchant weapon
 H - 5 scrolls of torment
 I - 66 scrolls of identify
 K - 8 scrolls of fog
 L - 3 scrolls of silence
 N - 2 scrolls of summoning
 Q - 2 scrolls of enchant armour
 R - a scroll of brand weapon
Potions
 d - a potion of experience
 f - 9 potions of mutation
 i - 4 potions of ambrosia
 j - 3 potions of heal wounds
 l - 4 potions of resistance
 n - 11 potions of berserk rage
 p - 5 potions of invisibility
 q - 2 potions of haste
 r - 8 potions of might
 s - 8 potions of magic
 t - 6 potions of attraction
 u - 15 potions of flight
 w - 25 potions of curing
 A - 4 potions of cancellation
 B - 17 potions of brilliance


   Skills:
 O Level 27 Fighting
 + Level 4.2(17.8) Short Blades
 O Level 27 Long Blades
 + Level 4.8(7.5) Axes
 + Level 7.4(9.5) Maces & Flails
 + Level 4.9(7.7) Polearms
 + Level 7.8(9.7) Staves
 + Level 4.2(19.4) Slings
 + Level 5.0 Bows
 + Level 6.4 Crossbows
 + Level 25.6(25.7) Throwing
 O Level 27 Armour
 O Level 27 Dodging
 O Level 27 Stealth
 O Level 27 Shields
 + Level 4.3 Unarmed Combat
 + Level 3.0 Spellcasting
 + Level 3.3 Conjurations
 + Level 2.7 Hexes
 + Level 3.1 Summonings
 + Level 3.1 Necromancy
 + Level 3.1 Translocations
 + Level 3.7 Transmutations
 + Level 3.1 Fire Magic
 + Level 3.2 Ice Magic
 + Level 3.5 Air Magic
 + Level 3.7 Earth Magic
 + Level 3.5 Poison Magic
 O Level 27 Invocations
 + Level 4.0 Evocations


You had 32 spell levels left.
You didn't know any spells.
Your spell library contained the following spells:

 Spells                   Type           Power      Damage    Failure   Level
 Beastly Appendage        Tmut           22%        N/A       19%         1
 Sandblast                Erth           22%        2d7       19%         1
 Sting                    Tmut/Pois      44%        1d5       19%         1
 Shock                    Conj/Air       40%        1d5       21%         1
 Foxfire                  Conj/Fire      40%        2x1d6     22%         1
 Freeze                   Ice            40%        1d6       22%         1
 Magic Dart               Conj           40%        1d5       22%         1
 Animate Skeleton         Necr           20%        N/A       24%         1
 Apportation              Tloc           20%        N/A       24%         1
 Pain                     Necr           40%        1d6       24%         1
 Summon Small Mammal      Summ           40%        N/A       24%         1
 Corona                   Hex            10%        N/A       26%         1
 Passwall                 Tmut/Erth      9%         N/A       28%         2
 Wereblood                Tmut           11%        N/A       28%         2
 Poisonous Vapours        Pois/Air       22%        N/A       30%         2
 Swiftness                Air            11%        N/A       30%         2
 Corpse Rot               Necr/Air       N/A        N/A       32%         2
 Searing Ray              Conj           20%        3d3       32%         2
 Blink                    Tloc           N/A        N/A       34%         2
 Call Imp                 Summ           10%        N/A       34%         2
 Sublimation of Blood     Necr           5%         N/A       34%         2
 Ensorcelled Hibernation  Hex/Ice        18%        N/A       36%         2
 Slow                     Hex            9%         N/A       38%         2
 Spider Form              Tmut/Pois      5%         N/A       50%         3
 Ignite Poison            Fire/Tmut/Pois 10%        N/A       52%         3
 Mephitic Cloud           Conj/Pois/Air  11%        N/A       52%         3
 Static Discharge         Conj/Air       10%        N/A       52%         3
 Stone Arrow              Conj/Erth      22%        3d8       52%         3
 Conjure Flame            Conj/Fire      10%        6-21      54%         3
 Call Canine Familiar     Summ           10%        N/A       56%         3
 Dazzling Flash           Conj/Hex       20%        N/A       56%         3
 Gell's Gravitas          Tloc           5%         N/A       56%         3
 Lesser Beckoning         Tloc           5%         N/A       56%         3
 Teleport Other           Tloc           10%        N/A       56%         3
 Vampiric Draining        Necr           5%         2d6       56%         3
 Inner Flame              Hex/Fire       9%         N/A       58%         3
 Portal Projectile        Hex/Tloc       18%        N/A       58%         3
 Summon Guardian Golem    Hex/Summ       9%         N/A       58%         3
 Confusing Touch          Hex            9%         N/A       63%         3
 Tukima's Dance           Hex            9%         N/A       63%         3
 Petrify                  Tmut/Erth      11%        N/A       88%         4
 Airstrike                Air            5%         N/A       89%         4
 Olgreb's Toxic Radiance  Pois           11%        N/A       89%         4
 Animate Armour           Summ/Erth      20%        N/A       90%         4
 Ice Form                 Ice/Tmut       11%        N/A       90%         4
 Iskenderun's Mystic Bla  Conj/Tloc      10%        2d4       91%         4
 Leda's Liquefaction      Hex/Erth       5%         N/A       91%         4
 Sticky Flame             Conj/Fire      10%        2d3       91%         4
 Summon Lightning Spire   Summ/Air       10%        N/A       91%         4
 Summon Ice Beast         Ice/Summ       10%        N/A       92%         4
 Animate Dead             Necr           5%         N/A       93%         4
 Dispel Undead            Necr           10%        3d9       93%         4
 Fulminant Prism          Conj/Hex       5%         3d7       93%         4
 Manifold Assault         Tloc           10%        N/A       93%         4
 Passage of Golubria      Tloc           N/A        N/A       93%         4
 Cause Fear               Hex            4%         N/A       95%         4
 Blade Hands              Tmut           5%         N/A       99%         5
 Bolt of Magma            Conj/Fire/Erth 5%         4d5       99%         5
 Borgnjor's Vile Clutch   Necr/Erth      5%         N/A       99%         5
 Fireball                 Conj/Fire      5%         3d5       99%         5
 Irradiate                Conj/Tmut      5%         3d15      99%         5
 Iskenderun's Battlesphe  Conj           10%        2d6       99%         5
 Lee's Rapid Deconstruct  Erth           5%         3d7*      99%         5
 Lightning Bolt           Conj/Air       5%         1d17      99%         5
 Silence                  Hex/Air        5%         N/A       99%         5
 Yara's Violent Unravell  Hex/Tmut       5%         3d4       99%         5
 Agony                    Necr           10%        N/A       100%        5
 Excruciating Wounds      Necr           5%         N/A       100%        5
 Metabolic Englaciation   Hex/Ice        4%         N/A       100%        5
 Summon Forest            Summ/Tloc      5%         N/A       100%        5
 Summon Mana Viper        Hex/Summ       9%         N/A       100%        5
 Conjure Ball Lightning   Conj/Air       5%         3x3d6     100%        6
 Death Channel            Necr           5%         N/A       100%        6
 Eringya's Noxious Bog    Tmut/Pois      5%         N/A       100%        6
 Freezing Cloud           Conj/Ice/Air   5%         6-21      100%        6
 Hydra Form               Tmut           5%         N/A       100%        6
 Invisibility             Hex            9%         N/A       100%        6
 Iron Shot                Conj/Erth      5%         9d2       100%        6
 Shadow Creatures         Summ           N/A        N/A       100%        6
 Simulacrum               Ice/Necr       5%         N/A       100%        6
 Starburst                Conj/Fire      5%         8x6d4     100%        6
 Statue Form              Tmut/Erth      7%         N/A       100%        6
 Dragon Form              Tmut           5%         N/A       100%        7
 Haunt                    Necr/Summ      5%         N/A       100%        7
 Malign Gateway           Summ/Tloc      5%         N/A       100%        7
 Monstrous Menagerie      Summ           5%         N/A       100%        7
 Orb of Destruction       Conj           5%         9d2       100%        7
 Ozocubu's Refrigeration  Ice            5%         4d6       100%        7
 Spellforged Servitor     Conj/Summ      5%         N/A       100%        7
 Summon Hydra             Summ           5%         N/A       100%        7
 Borgnjor's Revivificati  Necr           5%         N/A       100%        8
 Disjunction              Tloc           5%         N/A       100%        8
 Ignition                 Fire           5%         3d4       100%        8
 Summon Horrible Things   Summ           5%         N/A       100%        8
 Dragon's Call            Summ           5%         N/A       100%        9
 Shatter                  Erth           5%         3d8*      100%        9
 Tornado                  Air            5%         N/A       100%        9


Dungeon Overview and Level Annotations

Branches:
Dungeon (15/15)            Temple (1/1) D:6            Lair (6/6) D:8
  Swamp (4/4) Lair:4       Spider (4/4) Lair:4        Slime (5/5) Lair:6
    Orc (2/2) D:11            Elf (3/3) Orc:2        Vaults (5/5) D:13
  Crypt (3/3) Vaults:3       Tomb (3/3) Crypt:3      Depths (5/5) D:15
   Hell (visited)             Dis (7/7) Hell            Geh (7/7) Hell
    Coc (7/7) Hell            Tar (7/7) Hell            Zot (0/5) Depths:5
 WizLab (visited)         Gauntlet (visited)

Altars:
Ashenzari
Cheibriados
Dithmenos
Elyvilon
Fedhas
Gozag
Hepliaklqana
Kikubaaqudgha
Makhleb
Nemelex Xobeh
Okawaru
Qazlal
Ru
Sif Muna
Trog
Uskayaw
Vehumet
Wu Jian
Xom
Yredelemnul
Zin
The Shining One
Beogh
Jiyva

Shops:
D:3 ?   D:4 ?   D:7 [   Orc:1 :   Orc:2 :?[?[   Elf:1 (   Vaults:3 :
Depths:1 [*=::*   Depths:3 *(*:

Portals:
Hell: Depths:1 Depths:2 Depths:3 Depths:4 Depths:5
Abyss: Depths:4
Pandemonium: Depths:3


Innate Abilities, Weirdness & Mutations

You have a pair of horns on your head.
You reflexively headbutt those who attack you in melee.
You are dopey. (Int -2)


Message History

The death scarab misses you. You furiously retaliate!
You headbutt the death scarab! You slice the death scarab!!
You destroy the death scarab!
The death scarab's corpse disappears in a puff of smoke!
You block the death scarab's attack. x2; The vampire completely misses you.
You furiously retaliate!
You headbutt the vampire! The vampire completely misses you.
The mummy priest completely misses you. You furiously retaliate!
You headbutt the mummy priest!
The royal mummy points at you and mumbles some strange words.
Something smites you!
* * * LOW HITPOINT WARNING * * *
The mummy misses you.
You slice the mummy!!
The mummy convulses!!
You destroy the mummy!
Zin accepts your kill.
You feel yourself speed up. You block the death scarab's attack.
The death scarab completely misses you. You furiously retaliate!
You headbutt the death scarab!!
You destroy the death scarab!
The death scarab's corpse disappears in a puff of smoke!
You block the death scarab's attack.
You block the emperor scorpion's attack.
The emperor scorpion completely misses you.
The emperor scorpion closely misses you.
The ushabti shakes and rattles deafeningly!
You open the royal mummy like a pillowcase!!!
The royal mummy convulses!!!
You headbutt the royal mummy!
The royal mummy is severely damaged.
The death scarab waves its antennae.
You block the death scarab's attack. x2; The death scarab bites you!
Zin protects you from harm! The death scarab drains your vigour!
You feel yourself slow down.
The death scarab draws strength from your injuries!
The vampire completely misses you. You furiously retaliate!
You headbutt the vampire!! The vampire completely misses you.
The royal mummy casts a spell.
The royal mummy points at you and mumbles some strange words.
Something smites you!
You die...

▓▓▓▓▓.▓▓▓▓▓
▓▓▓.........▓▓▓
▓▓.............▓▓
▓▓...............▓▓
▓▓.............§...▓▓
▓..............§....▓
▓▓..............BB§..▓▓
▓..............V§M....▓
▓..............B@MMZ..▓
▓..............MsBMB|=▓
▓..............BBMMM∩/▓
..∩.............§B8Z>[?
▓........ ........}B∩}▓
▓........ .........)))▓
▓........ ............▓
▓........ ▓▓.......


You could see 3 royal mummies, an emperor scorpion (summoned), 2 mummy priests,
an ushabti (catching breath), a vampire (summoned), 9 death scarabs, 3 mummies
and a frost giant skeleton (corona).

Vanquished Creatures
  Cerebov (Pan)
  Antaeus (Coc:7)
  Asmodeus (Geh:7)
  the Royal Jelly (Slime:5)
  Gloorx Vloq (Pan)
  Ereshkigal (Tar:7)
  Lom Lobon (Pan)
  Mnoleg (Pan)
  2 dread liches
  Dispater (Dis:7)
  4 ancient liches
  Mennas (Vaults:5)
  11 pandemonium lords
  A juggernaut (Depths:5)
  36 royal mummies
  4 Killer Klowns (Zig:12)
  Margery (Vaults:2)
  Boris (Tomb:3)
  36 shard shrikes
  Xtahua (Vaults:4)
  Saint Roka (Orc:2)
  Geryon (Hell)
  A caustic shrike (Depths:3)
  Nikola (Swamp:4)
  4 golden dragons
  24 bone dragons
  38 Brimstone Fiends
  39 Tzitzimimeh
  A profane servitor (Temple)
  16 doom hounds
  A hellephant (Abyss:4)
  10 iron giants
  A Cloud Mage (WizLab)
  16 liches
  31 Ice Fiends
  12 tentacled monstrosities
  15 Hell Sentinels
  6 titans
  21 acid blobs
  A deep elf blademaster (Abyss:4)
  2 quicksilver dragons (Vaults:5)
  A deep elf master archer (Elf:3)
  An eldritch tentacle (Pan)
  37 Executioners
  19 tentacled starspawn
  Agnes (Abyss:1)
  Murray (Hell)
  9 sphinxes
  5 tengu reavers
  31 ancient champions
  3 storm dragons
  A thorn hunter (Abyss:4)
  13 shadow dragons
  A draconian monk (Depths:5)
  A fire giant (shapeshifter) (Zig:12)
  A fenstrider witch (shapeshifter) (Zig:12)
  A nagaraja (Zig:8)
  9 azure jellies
  2 fenstrider witches (Zig:5)
  3 revenants
  8 rockslimes
  7 fire giants
  6 frost giants
  9 iron dragons (Dis:7)
  4 deep elf sorcerers
  2 draconian shifters
  2 orc warlords (Zig:7)
  5 ghost moths
  A draconian scorcher (Abyss:4)
  A draconian knight (Abyss:2)
  8 warmongers (Pan)
  56 balrugs
  7 vault wardens
  41 cacodemons
  3 curse skulls
  4 deep elf elementalists
  3 emperor scorpions (Spider:4)
  23 ghouls
  8 elemental wellsprings
  8 ironbound preservers
  102 reapers
  8 war gargoyles
  4 draconian annihilators
  14 blood saints (Pan)
  12 stone giants
  11 quicksilver oozes
  24 very ugly things
  12 bennus
  2 spectral hellephants (Crypt:2)
  The ghost of Vufrucs the Grappler, a journeyman DrTm of Wu Jian (Lair:4)
  39 starcursed masses
  3 deep elf demonologists
  9 corrupters (Pan)
  13 vampire knights
  2 ophanim
  9 lorocyprocas
  9 black suns (Pan)
  A yellow draconian (Depths:5)
  2 spark wasps
  2 bunyips
  3 deep elf annihilators (Elf:3)
  2 white draconians (Zig:4)
  2 dire elephants
  A minotaur (Gauntlet)
  6 deep elf death magi
  19 green deaths
  47 blizzard demons
  7 ettins
  6 eidola
  6 jiangshi
  2 eleionomae
  A merfolk impaler (Depths:3)
  32 mummy priests
  12 quicksilver dragon zombies
  3 crystal guardians
  11 great orbs of eyes
  3 deep elf high priests
  A shambling mangrove (Abyss:4)
  9 yaktaur captains
  5 fire dragons
  12 quicksilver dragon skeletons
  16 vault guards
  5 ironbound thunderhulks
  5 kraken zombies
  21 ice dragons
  11 monstrous demonspawn (Pan)
  Erolcha (D:13)
  A naga warrior (Abyss:2)
  5 hell beasts (Pan)
  4 peacekeepers
  12 hydras
  7 centaur warriors
  2 ogre magi (Orc:2)
  7 ghost crabs
  2 spriggan air magi (WizLab)
  6 rakshasas
  2 spectral elves (Crypt:2)
  An ironbound frostheart (Vaults:1)
  2 anacondas (Zig:8)
  An ironbound beastmaster (Vaults:2)
  22 dancing weapons
  4 death knights (Crypt:1)
  4 tengu warriors
  26 death scarabs
  3 deep troll shamans
  A queen ant (Spider:1)
  8 death yaks
  5 naga sharpshooters (Zig:8)
  2 spriggan berserkers (Depths:5)
  3 deep troll earth magi
  7 two-headed ogres
  31 hell hogs
  10 vampire magi
  Urug (Lair:1)
  2 shock serpents
  59 soul eaters
  23 thrashing horrors
  5 iron golems
  Nergalle (Orc:2)
  17 titan zombies
  The ghost of davenfal the Cleaver, a novice HOFi (D:6)
  13 storm dragon zombies
  5 deep elf knights
  3 orc high priests
  13 wretched stars
  104 sun demons
  85 hell knights
  231 skeletal warriors
  7 titan skeletons
  16 iron trolls
  The ghost of LufLufFighter the Changer, a novice MfTm (D:5)
  8 spatial maelstroms
  A goliath frog (Swamp:3)
  A spark wasp zombie (Zig:11)
  8 shadow wraiths
  21 deep trolls
  11 golden dragon zombies
  A sea snake (shapeshifter) (Depths:3)
  4 death drakes
  22 flayed ghosts
  7 storm dragon skeletons
  8 torturous demonspawn (Pan)
  5 ghost moth zombies
  The ghost of gregwegmann the Slinger, a novice HaFi (D:6)
  52 sixfirhies
  3 spriggan druids
  7 infernal demonspawn (Pan)
  19 anaconda zombies
  2 naga ritualists (Zig:8)
  4 deep elf archers
  13 gelid demonspawn (Pan)
  8 swamp dragons
  4 unseen horrors
  2 orange crystal statues (Zig:5)
  14 wizards
  13 golden dragon skeletons
  3 glowing orange brains
  27 shadow demons
  4 bog bodies
  9 deep elf zephyrmancers
  Pikel (D:3)
  A harpy (shapeshifter) (Zig:12)
  2 lindwurms (Vaults:2)
  15 anaconda skeletons
  13 shadow dragon zombies
  3 harpies
  25 phantasmal warriors
  7 ironbound convokers
  2 orc knights
  12 iron dragon zombies
  3 kraken simulacra
  10 wolf spiders
  6 orc sorcerers
  7 wolf spider zombies
  17 necromancers
  8 orb spiders
  9 shadow dragon skeletons
  15 deep elf pyromancers
  15 fire giant zombies
  15 stone giant zombies
  3 cyclopes
  8 shining eyes
  2 oklob plants
  3 manticores
  A salamander (Abyss:4)
  2 will-o-the-wisps
  14 frost giant zombies
  68 slime creatures
  A goliath frog skeleton (Crypt:3)
  5 centaur zombies
  4 tengu skeletons
  8 worldbinders
  An elephant (Lair:5)
  An ice statue (Zig:5)
  Maurice (D:8)
  3 guardian serpents
  4 moths of wrath
  31 ugly things
  15 frost giant skeletons
  17 fire giant skeletons
  56 rust devils
  8 apocalypse crabs
  11 iron dragon skeletons
  14 stone giant skeletons
  A water nymph (Abyss:4)
  13 molten gargoyles
  4 black mambas
  2 naga magi
  2 shock serpent zombies
  3 eyes of devastation
  9 dire elephant zombies
  4 vault sentinels
  55 smoke demons
  18 cane toads
  49 orange demons
  An eye of devastation (shapeshifter) (Zig:10)
  5 gargoyles
  2 minotaur zombies
  2 black draconian zombies
  5 shock serpent skeletons
  4 emperor scorpion zombies
  24 efreet
  A kobold demonologist (Elf:1)
  18 hellwings
  7 dire elephant skeletons
  47 hellions
  7 komodo dragons
  2 anaconda simulacra
  40 demonic crawlers
  2 purple draconian skeletons
  3 catoblepas zombies
  45 freezing wraiths
  84 tormentors
  3 rime drakes
  A white draconian zombie (Coc:6)
  11 yaktaurs
  59 guardian mummies
  73 ice devils
  14 ancient zymes
  86 red devils
  A tengu conjurer (Swamp:2)
  A catoblepas skeleton (Coc:1)
  6 harpy zombies
  4 silent spectres
  33 hydra zombies
  A troll (shapeshifter) (Vaults:5)
  5 polar bears
  9 trolls
  A minotaur skeleton (Geh:4)
  A jumping spider (shapeshifter) (D:14)
  A tyrant leech (shapeshifter) (Zig:10)
  Grinder (D:6)
  A wind drake (WizLab)
  6 hornets
  4 harpy skeletons
  A shadow dragon simulacrum (Abyss:2)
  2 tyrant leeches
  10 jumping spiders
  27 raiju
  2 saltlings (Vaults:1)
  16 hydra skeletons
  A meliai zombie (Crypt:1)
  28 blink frogs
  13 fire dragon zombies
  10 ice dragon zombies
  16 ettin zombies
  16 alligator zombies
  2 dream sheep
  182 flying skulls
  11 ettin skeletons
  25 water elementals
  8 ice dragon skeletons
  4 black mamba zombies
  3 spriggans
  A centaur simulacrum (Gauntlet)
  35 redbacks
  8 tarantellas
  57 wraiths
  9 fire dragon skeletons
  63 ynoxinuls
  20 ushabtiu
  10 alligator skeletons
  56 shadows
  45 yaks
  4 vampires
  2 wyverns
  5 basilisks
  3 fire bats
  9 air elementals
  3 black mamba skeletons
  A hog (shapeshifter) (Vaults:5)
  8 vampire mosquitoes
  23 golden eyes
  49 chaos spawn
  48 neqoxecs
  55 fire elementals
  A golden eye (shapeshifter) (D:14)
  Menkaure (D:6)
  Edmund (D:5)
  2 swamp worms
  2 spatial vortices (Abyss:1)
  3 wargs
  4 nagas
  A merfolk zombie (Dis:3)
  98 large abominations
  8 soldier ants (Spider:1)
  5 ogre zombies
  3 acid dragons
  13 cane toad zombies
  7 floating eyes
  92 hell hounds
  4 hydra simulacra
  2 merfolk skeletons
  13 water moccasins
  A monstrous demonspawn skeleton (Coc:3)
  19 orc warriors
  2 swamp drakes
  8 cane toad skeletons
  18 ice beasts
  5 sky beasts
  7 manticore zombies
  50 necrophages
  A fire dragon simulacrum (Tomb:2)
  3 black bears
  An alligator simulacrum (Coc:6)
  2 swamp dragon zombies
  10 snapping turtle zombies
  A boggart (Elf:1)
  12 wolves
  16 ogres
  11 centaurs
  20 phantoms
  7 manticore skeletons
  A lemure (D:3)
  40 small abominations
  6 swamp dragon skeletons
  5 snapping turtle skeletons
  A kobold brigand (D:8)
  A palentonga zombie (Crypt:1)
  A gnoll sergeant (D:4)
  27 bullfrogs
  2 wyvern zombies
  2 elf skeletons
  A glowing shapeshifter simulacrum (Vaults:3)
  2 earth elementals (Elf:1)
  6 cane toad simulacra
  A water moccasin zombie (Crypt:2)
  2 komodo dragon skeletons
  A hornet simulacrum (Gauntlet)
  3 scorpions
  2 spriggan zombies
  A snapping turtle simulacrum (Coc:2)
  128 wights
  4 killer bees (D:9)
  A yak skeleton (Crypt:1)
  A spriggan skeleton (Dis:1)
  4 electric eels
  7 howler monkeys
  A raiju skeleton (Crypt:2)
  2 bullfrog zombies
  20 crimson imps
  6 hounds
  6 quasits
  A wyvern simulacrum (Gauntlet)
  2 jellies
  Crazy Yiuf (D:4)
  5 bullfrog skeletons
  3 human skeletons
  3 human zombies
  15 orc priests
  58 iron imps
  Ijyb (D:4)
  Terence (D:2)
  3 hell rats (Lair:6)
  4 iguanas
  24 orc wizards
  16 worker ants
  A bullfrog simulacrum (Gauntlet)
  2 naga zombies
  A tengu zombie (Tar:2)
  A deep dwarf skeleton (Crypt:2)
  A felid skeleton (Crypt:3)
  2 naga skeletons
  A hound zombie (D:9)
  2 hound skeletons (D:5)
  100 mummies
  A howler monkey zombie (D:7)
  3 worker ant zombies
  9 gnolls
  7 adders
  A swamp drake skeleton (Crypt:1)
  24 shadow imps
  59 white imps
  4 oozes
  An ufetubus (Abyss:4)
  An adder zombie (D:8)
  2 worms
  3 dart slugs
  8 leopard geckos
  75 orcs
  6 bats
  10 giant cockroaches
  9 goblins
  7 hobgoblins
  13 jackals
  7 quokkas
  4 ball pythons
  A ball python skeleton (D:4)
  4 frilled lizards
  A giant cockroach zombie (Crypt:2)
  17 kobolds
  A kobold zombie (Dis:5)
  An orc skeleton (Geh:4)
  A quokka zombie (D:8)
  7 rats
  A fire vortex (Pan)
  3 lurking horrors
  18 pillars of salt
  5 starspawn tentacles
  15 tentacles
5725 creatures vanquished.

Vanquished Creatures (collateral kills)
  2 dread liches
  Boris (Vaults:5)
  A curse toe (Crypt:3)
  the Lernaean hydra (Swamp:4)
  A caustic shrike (Depths:4)
  Bai Suzhen (Swamp:3)
  6 golden dragons
  Arachne (Spider:2)
  Jory (Vaults:2)
  2 bone dragons
  6 tentacled monstrosities
  Rupert (D:13)
  A lich (Vaults:4)
  2 titans
  Asterion (Spider:1)
  A quicksilver dragon (Depths:4)
  An acid blob (Depths:2)
  Gastronok (Lair:2)
  A deep elf master archer (Elf:3)
  6 ancient champions
  A thorn hunter (Depths:2)
  3 sphinxes
  2 revenants (Crypt:3)
  2 shadow dragons
  5 storm dragons
  3 fire giants
  5 tengu reavers
  A ghost moth (Spider:1)
  3 frost giants
  3 deep elf sorcerers
  9 vault wardens
  3 emperor scorpions (Spider:4)
  Louise (Swamp:3)
  A draconian scorcher (Depths:5)
  11 stone giants
  The ghost of Poifiw the Blocker, a journeyman GnFi of Qazlal (Lair:4)
  7 ironbound preservers
  2 war gargoyles (Vaults:5)
  15 very ugly things
  2 deep elf demonologists (Elf:3)
  2 vampire knights (Crypt:3)
  A green draconian (Depths:5)
  4 entropy weavers
  3 deep elf annihilators
  2 purple draconians (Depths:5)
  A yellow draconian (Depths:5)
  4 bunyips
  A red draconian (Depths:5)
  8 spark wasps
  8 ettins
  4 eleionomae
  5 dire elephants
  8 deep elf death magi
  9 yaktaur captains
  7 crystal guardians
  A shambling mangrove (Swamp:2)
  3 great orbs of eyes
  2 deep elf high priests (Vaults:5)
  4 rakshasas
  A fire dragon (Depths:1)
  4 ice dragons
  5 jiangshi
  7 ironbound thunderhulks
  14 hydras
  4 ghost crabs
  19 vault guards
  A servant of whispers (Vaults:1)
  A naga warrior (Abyss:2)
  3 peacekeepers
  8 ironbound frosthearts
  4 ogre magi
  6 centaur warriors
  6 alligators
  A death knight (D:15)
  9 deep troll shamans
  14 dancing weapons
  A shock serpent (WizLab)
  5 death yaks
  The ghost of Kedghoxa the Gelid, a journeyman DEIE of Vehumet (D:14)
  9 tengu warriors
  6 ironbound beastmasters
  8 two-headed ogres
  8 deep troll earth magi
  4 vampire magi
  7 iron trolls
  Sonja (Lair:2)
  5 hell knights
  A salamander mystic (Depths:5)
  7 deep elf knights
  37 deep trolls
  2 goliath frogs (Swamp:2)
  15 skeletal warriors
  A death drake (WizLab)
  6 bog bodies
  3 glowing orange brains
  4 deep elf archers (Elf:1)
  12 swamp dragons
  12 ironbound convokers
  2 flayed ghosts (Depths:4)
  8 wizards
  2 harpies (D:15)
  2 necromancers
  An anaconda zombie (Crypt:3)
  10 wolf spiders
  14 deep elf zephyrmancers
  A tengu zombie (Vaults:5)
  5 phantasmal warriors
  3 lindwurms
  7 deep elf pyromancers
  4 oklob plants
  8 orb spiders
  5 orc knights
  7 will-o-the-wisps
  A stone giant zombie (Vaults:5)
  3 orc sorcerers (Orc:2)
  34 ugly things
  A moth of wrath (shapeshifter) (Elf:1)
  4 cyclopes
  2 centaur zombies
  3 elephants (Lair:5)
  3 salamanders (Depths:5)
  A moth of wrath (D:14)
  3 black mambas
  A water nymph (shapeshifter) (Vaults:5)
  A smoke demon (Depths:5)
  8 cane toads
  11 vault sentinels
  A centaur skeleton (D:15)
  A tengu conjurer (Depths:1)
  4 rime drakes
  2 yaktaur zombies
  A purple draconian zombie (Crypt:3)
  4 komodo dragons
  20 yaktaurs
  A kobold demonologist (D:13)
  10 demonic crawlers
  A bloated husk (Swamp:2)
  2 trolls
  18 jumping spiders
  12 blink frogs
  9 tyrant leeches
  16 hornets
  A hornet (shapeshifter) (Depths:5)
  A polar bear (Lair:6)
  A slime creature (shapeshifter) (Vaults:1)
  16 slime creatures
  4 air elementals
  An ettin skeleton (Crypt:3)
  29 redbacks
  A spriggan (Swamp:4)
  15 tarantellas
  2 wraiths
  2 wyverns
  5 water elementals
  A vampire (Crypt:3)
  25 yaks
  4 basilisks
  2 chaos spawn
  6 vampire mosquitoes
  An acid dragon (D:14)
  14 soldier ants (Spider:1)
  11 swamp worms
  8 water moccasins
  7 swamp drakes
  An ice beast (D:13)
  2 large abominations (Abyss:2)
  10 orc warriors
  A snapping turtle zombie (Crypt:3)
  2 necrophages (Crypt:3)
  8 wolves
  6 ogres
  A boggart (Vaults:2)
  2 centaurs
  A kobold brigand (D:12)
  7 bullfrogs
  A gnoll sergeant (Orc:1)
  3 scorpions
  A wight (D:15)
  3 electric eels
  A hound (D:12)
  6 orc priests
  3 hell rats (Lair:6)
  10 orc wizards
  14 worker ants (Spider:1)
  2 human zombies
  A ghoul skeleton (Vaults:5)
  2 mummies (Crypt:3)
  A shadow imp (Spider:2)
  19 orcs
  3 kobolds (D:12)
  12 bushes
  2 plants
996 creatures vanquished.

Vanquished Creatures (others)
  A dread lich (Vaults:5)
  8 bone dragons
  4 profane servitors
  An Ice Fiend (Coc:3)
  A balrug (Pan)
  2 fire giants
  5 ghouls
  2 elemental wellsprings (Coc:7)
  2 cacodemons (Pan)
  7 vampire knights
  A minotaur (shapeshifter) (Zig:12)
  2 spark wasps (WizLab)
  A fire dragon (Abyss:3)
  A yaktaur captain (Vaults:1)
  2 spriggan air magi (WizLab)
  A ghost crab (WizLab)
  An anaconda (Zig:8)
  A deep troll earth mage (Depths:3)
  A shock serpent (WizLab)
  A sun demon (Pan)
  A deep elf knight (Elf:3)
  A hell knight (Hell)
  A large abomination (Abyss:4)
  5 skeletal warriors
  A soul eater (Pan)
  10 flayed ghosts
  7 phantasmal warriors
  2 wizards (Pan)
  A deep elf zephyrmancer (Elf:1)
  2 necromancers
  A will-o-the-wisp (Swamp:4)
  A wind drake (WizLab)
  A bloated husk (Swamp:2)
  10 flying skulls
  A spriggan (Swamp:4)
  12 vampires
  A ynoxinul (Pan)
  5 wraiths
  2 quicksilver dragon zombies (Vaults:5)
  A fire elemental (Hell)
  A chaos spawn (Pan)
  A neqoxec (Pan)
  2 hell hounds (Geh:7)
  A swamp drake (Swamp:4)
  A titan zombie (Vaults:5)
  A bunyip zombie (Swamp:4)
  2 small abominations
  A sphinx zombie (Depths:4)
  2 shadow dragon zombies (Vaults:5)
  2 storm dragon zombies
  6 very ugly thing zombies
  6 ugly thing zombies
  5 wights
  2 crimson imps (Geh:3)
  A wolf spider zombie (Spider:4)
  A centaur zombie (D:15)
  A frost giant zombie (Vaults:5)
  A starcursed mass (Abyss:4)
  4 stone giant zombies
  A shock serpent skeleton (WizLab)
  A harpy zombie (D:15)
  A fire giant zombie (Vaults:5)
  An iron imp (Dis:7)
  2 iron troll zombies (Depths:4)
  2 orc wizards
  A worker ant (D:11)
  3 alligator zombies (Swamp:3)
  A death yak zombie (Lair:6)
  28 human zombies
  An ice dragon zombie (Depths:2)
  2 spriggan zombies
  3 jumping spider zombies
  A ghoul skeleton (Vaults:5)
  A tarantella zombie (Spider:1)
  A mummy (D:11)
  7 redback zombies
  2 death drake zombies (WizLab)
  8 deep troll zombies
  An ettin zombie (Vaults:5)
  A hydra zombie (Swamp:3)
  A tengu zombie (Depths:3)
  2 bog body skeletons (Swamp:3)
  3 elf skeletons (Elf:1)
  A black mamba zombie (Lair:6)
  4 vampire mosquito zombies
  A wyvern zombie (Lair:4)
  4 blink frog zombies (Lair:6)
  21 elf zombies
  A hornet zombie (Spider:4)
  A kobold zombie (D:13)
  A swamp dragon zombie (Swamp:4)
  A two-headed ogre zombie (Orc:1)
  2 water moccasin zombies
  5 yak zombies
  9 yaktaur zombies
  5 cane toad zombies (Lair:6)
  A rime drake zombie (Lair:6)
  3 cyclops zombies
  A scorpion zombie (D:13)
  A soldier ant zombie (Spider:1)
  2 bullfrog zombies (Lair:6)
  4 ogre zombies
  19 orc zombies
  A swamp drake zombie (Swamp:2)
  4 worker ant zombies
  14 ball lightnings
  A bush (Lair:4)
  5 demonic plants
  2 fire vortices (Pan)
  28 foxfires
  105 fungi
  176 pillars of salt
  278 plants
  29 starspawn tentacles
  23 tentacles
980 creatures vanquished.

Grand Total: 7701 creatures vanquished

Notes
Turn   | Place    | Note
-------+----------+-------------------------------------------
     0 | D:1      | BlueFish the Minotaur Fighter began the quest for the Orb.
     0 | D:1      | Reached XP level 1. HP: 19/19 MP: 0/0
    90 | D:1      | Reached XP level 2. HP: 10/27 MP: 1/1
   618 | D:1      | Reached XP level 3. HP: 32/33 MP: 2/2
   917 | D:2      | Reached skill level 1 in Dodging
  1346 | D:2      | Reached XP level 4. HP: 40/40 MP: 3/3
  1368 | D:2      | Found a shimmering blue altar of Sif Muna.
  1459 | D:2      | Identified Sif Muna's Compendium of Unholy Rituals
  1465 | D:2      | Found a bloodstained altar of Trog.
  1465 | D:2      | Noticed Terence
  1476 | D:2      | Killed Terence
  1510 | D:2      | Found a stormy altar of Qazlal.
  2129 | D:2      | Reached XP level 5. HP: 46/46 MP: 4/4
  2543 | D:3      | Found Ozur's Magic Scroll Shoppe.
  2623 | D:3      | Reached skill level 5 in Armour
  3055 | D:3      | Found a basalt altar of Yredelemnul.
  3058 | D:3      | Found an ancient bone altar of Kikubaaqudgha.
  3064 | D:3      | Became a worshipper of Yredelemnul the Dark
  3071 | D:3      | Found a blossoming altar of Fedhas.
  3073 | D:3      | Found an iron altar of Okawaru.
  3075 | D:3      | Found a snail-covered altar of Cheibriados.
  3304 | D:4      | Reached XP level 6. HP: 47/53 MP: 5/5
  3485 | D:4      | Noticed Ijyb
  3514 | D:4      | Killed Ijyb
  3591 | D:4      | Reached skill level 5 in Long Blades
  3658 | D:4      | Noticed Pikel
  3979 | D:3      | Killed Pikel
  3980 | D:3      | Reached skill level 5 in Fighting
  3980 | D:3      | Reached skill level 1 in Invocations
  3980 | D:3      | Reached XP level 7. HP: 22/61 MP: 5/7
  4288 | D:4      | Found Moros's Magic Scroll Emporium.
  4327 | D:4      | Found a hide-covered altar of Uskayaw.
  4447 | D:4      | Found a runed translucent door.
  4448 | D:4      | Noticed Crazy Yiuf
  4623 | D:4      | Killed Crazy Yiuf
  4653 | D:5      | Entered Level 5 of the Dungeon
  4787 | D:5      | Reached * piety under Yredelemnul
  4788 | D:5      | Reached XP level 8. HP: 47/69 MP: 8/8
  4954 | D:5      | Reached skill level 5 in Shields
  5311 | D:5      | Noticed Edmund
  5322 | D:5      | Killed Edmund
  6114 | D:6      | Noticed Menkaure
  6119 | D:6      | Killed Menkaure
  6221 | D:6      | Noticed a two-headed ogre
  6227 | D:6      | Killed a two-headed ogre
  6228 | D:6      | Reached XP level 9. HP: 55/78 MP: 10/10
  6343 | D:6      | Found a staircase to the Ecumenical Temple.
  6348 | Temple   | Entered the Ecumenical Temple
  6572 | D:6      | Found a hazy altar of Hepliaklqana.
  6593 | D:6      | Found a runed translucent gate.
  6593 | D:6      | Found a runed translucent gate.
  6593 | D:6      | Found a runed translucent gate.
  6637 | D:6      | Noticed Grinder
  6643 | D:6      | Paralysed by Grinder for 7 turns
  6656 | D:6      | Killed Grinder
  7181 | D:6      | Noticed davenfal's ghost (novice HOFi)
  7181 | D:6      | Noticed LufLufFighter's ghost (novice MfTm)
  7181 | D:6      | Noticed gregwegmann's ghost (novice HaFi)
  7356 | D:5      | Killed LufLufFighter's ghost
  7357 | D:5      | Reached skill level 10 in Long Blades
  7357 | D:5      | Reached skill level 1 in Stealth
  7406 | D:6      | Killed gregwegmann's ghost
  7835 | D:6      | Killed davenfal's ghost
  7836 | D:6      | Reached skill level 5 in Dodging
  7836 | D:6      | Reached XP level 10. HP: 56/88 MP: 10/12
  8119 | D:7      | Found an opulent altar of Gozag.
  8119 | D:7      | Found a sparkling altar of Nemelex Xobeh.
  8258 | D:7      | Noticed a cyan ugly thing
  8269 | D:7      | Killed a cyan ugly thing
  8632 | D:7      | Reached ** piety under Yredelemnul
  8844 | D:7      | Found Liyx's Armour Shoppe.
  9038 | D:7      | Bought a +2 pair of gloves for 214 gold pieces
  9715 | D:8      | Reached *** piety under Yredelemnul
  9802 | D:8      | Identified the +1 leather armour of the Trout {*Slow rC+
                  | Int+4 Stlth+}
  9814 | D:8      | Found a staircase to the Lair.
  9835 | D:8      | Identified a scroll of acquirement
  9835 | D:8      | Acquired a +0 demon blade of draining
 10022 | D:8      | Found a sacrificial altar of Ru.
 10371 | D:9      | Found a shimmering altar of Xom.
 10386 | D:9      | Killed an unseen horror
 10387 | D:9      | Reached skill level 5 in Invocations
 10520 | D:9      | Noticed a gargoyle
 10526 | D:9      | Reached skill level 10 in Armour
 10534 | D:9      | Killed a gargoyle
 10647 | D:9      | Reached XP level 11. HP: 31/97 MP: 13/13
 11147 | D:9      | Found a basalt altar of Yredelemnul.
 11361 | D:10     | Entered Level 10 of the Dungeon
 11756 | D:10     | Found a stormy altar of Qazlal.
 12526 | D:11     | Reached **** piety under Yredelemnul
 12954 | D:11     | Received a gift from Yredelemnul (a mummy)
 13040 | D:11     | Noticed a green ugly thing
 13053 | D:11     | Killed a green ugly thing
 13772 | D:11     | Received a gift from Yredelemnul (5 flying skulls)
 13786 | D:11     | Reached skill level 10 in Fighting
 14312 | D:11     | Reached skill level 15 in Long Blades
 14315 | D:11     | Received a gift from Yredelemnul (a wraith)
 14623 | D:11     | Found a staircase to the Orcish Mines.
 14842 | Lair:1   | Entered Level 1 of the Lair of Beasts
 14921 | Lair:1   | Reached XP level 12. HP: 75/107 MP: 15/15
 15276 | Lair:1   | Received a gift from Yredelemnul (a wight)
 15355 | Lair:1   | Noticed a four-headed hydra
 15362 | Lair:1   | Killed a one-headed hydra
 15623 | Lair:1   | Noticed Urug
 15628 | Lair:1   | Noticed a four-headed hydra
 15634 | Lair:1   | Killed Urug
 15641 | Lair:1   | Killed a one-headed hydra
 15909 | Lair:1   | Identified the +0 robe "Laaggapu" {+Inv rF- rN+}
 16449 | Lair:2   | Received a gift from Yredelemnul (5 flying skulls)
 16689 | Lair:2   | Noticed a death yak
 16691 | Lair:2   | Noticed a five-headed hydra
 16695 | Lair:2   | Noticed a death yak
 16703 | Lair:2   | Killed a six-headed hydra
 16714 | Lair:2   | Killed a death yak
 16722 | Lair:2   | Killed a death yak
 16848 | Lair:2   | Noticed Sonja
 16851 | Lair:2   | Killed Sonja
 16855 | Lair:2   | Found the +7 lajatang of Order {silver, rMut}
 16893 | Lair:2   | Noticed Gastronok
 16902 | Lair:2   | Killed Gastronok
 17021 | Lair:2   | Identified the +2 pair of gloves of the Gusle {rElec rN+
                  | Dex+6 Slay-4}
 17060 | Lair:2   | Reached XP level 13. HP: 119/119 MP: 17/17
 17256 | Lair:2   | Received a gift from Yredelemnul (a wight)
 17363 | Lair:2   | Acquired 959 gold pieces
 17649 | D:7      | Bought the +9 plate armour of Soft Rains {rElec} for 1066
                  | gold pieces
 17814 | Lair:3   | Found a gate leading to a gauntlet.
 17825 | Lair:3   | Reached ***** piety under Yredelemnul
 17843 | Lair:3   | Received a gift from Yredelemnul (a wight)
 17870 | Gauntlet | Entered a Gauntlet
 17870 | Gauntlet | Found a transporter.
 18098 | Gauntlet | Found a transporter.
 18112 | Gauntlet | Found a transporter.
 18127 | Gauntlet | Found a transporter.
 18136 | Gauntlet | Found a transporter.
 18147 | Gauntlet | Found a transporter.
 18155 | Gauntlet | Found a runed translucent door.
 18157 | Gauntlet | Found a runed translucent door.
 18161 | Gauntlet | Found a transporter.
 18164 | Gauntlet | Found the +2 cloak of the Thief {*Fog Slay-2 SInv Stlth+}
 18178 | Gauntlet | Found a transporter.
 18183 | Gauntlet | Found a transporter.
 18186 | Gauntlet | Found a transporter.
 18208 | Gauntlet | Found a transporter.
 18403 | Gauntlet | Found a runed translucent door.
 18403 | Gauntlet | Found a transporter.
 18467 | Gauntlet | Identified the ring "Ecipacs" {+Fly rN+}
 18502 | Gauntlet | Acquired the +0 pair of boots of Mental Paralysis {rElec
                  | rF+}
 18562 | Gauntlet | Identified the +4 halberd of Kuoqey {vorpal, Str+6}
 18562 | Gauntlet | Identified the +5 hunting sling of Ziceoz {flame, *Contam
                  | Dex+5}
 18562 | Gauntlet | Noticed a minotaur
 18579 | Gauntlet | Killed a minotaur
 18583 | Gauntlet | Identified the ring "Ytatew" {Ice Dex+5}
 19331 | Lair:3   | You fall into a shaft and drop 2 floors!
 19563 | Lair:4   | Found a runed translucent gate.
 19563 | Lair:4   | Found a runed translucent gate.
 19564 | Lair:4   | Found a runed translucent gate.
 19566 | Lair:4   | Noticed Poifiw's ghost (journeyman GnFi)
 19566 | Lair:4   | Noticed Vufrucs's ghost (journeyman DrTm)
 19899 | Lair:3   | Received a gift from Yredelemnul (a wight)
 20230 | Lair:4   | Received a gift from Yredelemnul (a phantasmal warrior)
 20330 | Lair:4   | Reached XP level 14. HP: 120/130 MP: 19/19
 20402 | Lair:4   | Found a staircase to the Swamp.
 20410 | Lair:4   | Received a gift from Yredelemnul (a vampire)
 20539 | Lair:4   | Found a hole to the Spider Nest.
 20836 | Lair:4   | Killed Poifiw's ghost
 20839 | Lair:4   | Killed Vufrucs's ghost
 21351 | Lair:5   | Identified the +3 leather armour "Hero's Friend" {Str+5}
 21445 | Lair:6   | Entered Level 6 of the Lair of Beasts
 21473 | Lair:6   | Received a gift from Yredelemnul (a flayed ghost)
 21763 | Lair:6   | Received a gift from Yredelemnul (a wraith)
 21820 | Lair:6   | Reached ****** piety under Yredelemnul
 21833 | Lair:6   | Received a gift from Yredelemnul (a wraith)
 22184 | Lair:6   | Found a runed translucent door.
 22196 | Lair:6   | Found a viscous altar of Jiyva.
 22200 | Lair:6   | Found a staircase to the Slime Pits.
 22287 | Lair:6   | Found the +2 shield of Resistance {rF++ rC++ Will++}
 22317 | Lair:6   | Identified the Collected Works on Dark Rites
 22377 | Lair:6   | Received a gift from Yredelemnul (a vampire)
 22783 | Orc:1    | Entered Level 1 of the Orcish Mines
 22794 | Orc:1    | Received a gift from Yredelemnul (a vampire)
 22854 | Orc:1    | Reached skill level 15 in Armour
 23046 | Orc:1    | Found Busipn's Book Shop.
 23454 | Orc:2    | Entered Level 2 of the Orcish Mines
 23477 | Orc:2    | Found a staircase to the Elven Halls.
 23502 | Orc:2    | Received a gift from Yredelemnul (a vampire)
 23523 | Orc:2    | Received a gift from Yredelemnul (a skeletal warrior)
 23547 | Orc:2    | Reached XP level 15. HP: 112/139 MP: 21/21
 23547 | Orc:2    | Noticed Saint Roka
 23571 | Orc:2    | Killed Saint Roka
 23807 | Orc:2    | Found Otios's Armour Emporium.
 23976 | Orc:2    | Found a radiant altar of Vehumet.
 23982 | Orc:2    | Found Cocuj's Magic Scroll Emporium.
 23992 | Orc:2    | Found an ancient bone altar of Kikubaaqudgha.
 24019 | Orc:2    | Noticed Nergalle
 24032 | Orc:2    | Killed Nergalle
 24032 | Orc:2    | Received a gift from Yredelemnul (a flayed ghost)
 24047 | Orc:2    | Found Hev Jicw's Magic Scroll Emporium.
 24060 | Orc:2    | Bought a scroll of teleportation for 39 gold pieces
 24060 | Orc:2    | Bought a scroll of enchant weapon for 97 gold pieces
 24060 | Orc:2    | Bought a scroll of enchant weapon for 97 gold pieces
 24060 | Orc:2    | Bought a scroll of enchant armour for 97 gold pieces
 24094 | Orc:2    | Found Seliatu's Book Shoppe.
 24106 | Orc:2    | Found Muojauck's Antique Armour Shoppe.
 24449 | D:12     | Reached skill level 15 in Fighting
 24603 | D:12     | Identified the +4 chain mail of the Garden {Int+4}
 24634 | D:12     | Acquired 927 gold pieces
 24721 | D:12     | Reached skill level 10 in Dodging
 24833 | D:12     | Received a gift from Yredelemnul (a profane servitor)
 25019 | D:12     | Received a gift from Yredelemnul (a flayed ghost)
 25182 | D:13     | Noticed Erolcha
 25189 | D:13     | Killed Erolcha
 25208 | D:13     | Reached skill level 10 in Invocations
 25209 | D:13     | Noticed Rupert
 25212 | D:13     | Received a gift from Yredelemnul (a bone dragon)
 25221 | D:13     | Killed Rupert
 25575 | D:13     | Found a gate to the Vaults.
 25848 | D:13     | Your ally Erolcha died
 25872 | D:14     | Identified the +6 battleaxe "Mead" {antimagic, *Noise +Inv
                  | rElec Int+7}
 25873 | D:14     | Noticed Kedghoxa's ghost (journeyman DEIE)
 25877 | D:14     | Identified the +2 scimitar "Killer Bee's Peril" {antimagic,
                  | *Noise rF+ rN+ Str+4}
 25879 | D:14     | Found a transporter.
 25884 | D:14     | Found a bloodstained altar of Trog.
 25885 | D:14     | Found a transporter.
 25887 | D:14     | Identified the +2 great mace of the Middle {vorpal, Str+6
                  | Dex+2}
 25887 | D:14     | Identified the +4 broad axe "Ucuyjuz" {antimagic, +Fly rF+
                  | Dex-2}
 25915 | D:14     | Killed Kedghoxa's ghost
 26118 | D:14     | Reached skill level 10 in Shields
 26179 | D:14     | Received a gift from Yredelemnul (a bone dragon)
 26181 | D:14     | Found an iron altar of Okawaru.
 26472 | D:14     | Received a gift from Yredelemnul (a ghoul)
 27076 | D:15     | Entered Level 15 of the Dungeon
 27106 | D:15     | Received a gift from Yredelemnul (a flayed ghost)
 27150 | D:15     | Received a gift from Yredelemnul (a ghoul)
 27378 | D:15     | Received a gift from Yredelemnul (a phantasmal warrior)
 27382 | D:15     | Reached XP level 16. HP: 150/150 MP: 21/23
 27400 | D:15     | Found a stormy altar of Qazlal.
 27602 | D:15     | Found a portal to a secret trove of treasure.
 27715 | D:15     | Found a staircase to the Depths.
 28182 | Spider:1 | Entered Level 1 of the Spider Nest
 28359 | Spider:1 | Received a gift from Yredelemnul (a flayed ghost)
 28539 | Spider:1 | Received a gift from Yredelemnul (a phantasmal warrior)
 28711 | Spider:1 | Received a gift from Yredelemnul (a vampire)
 28837 | Spider:1 | Noticed Asterion
 28849 | Spider:1 | Killed Asterion
 28861 | Spider:1 | Received a gift from Yredelemnul (a phantasmal warrior)
 29812 | Spider:2 | Noticed Arachne
 29849 | Spider:2 | Killed Arachne
 29980 | Spider:2 | Identified the +0 glaive "Cuzamp" {vorpal, Fragile +Fly
                  | Dex-5 SInv}
 30132 | Spider:2 | Received a gift from Yredelemnul (a skeletal warrior)
 30555 | Spider:3 | Received a gift from Yredelemnul (a vampire knight)
 30824 | Spider:3 | Identified the +6 whip "Qefuh" {holy, +Rage rC++ Str-2
                  | Dex+2}
 30921 | Spider:3 | Identified the Volume of Stones and Feathers
 31168 | Spider:4 | Entered Level 4 of the Spider Nest
 31384 | Spider:4 | Received a gift from Yredelemnul (a vampire knight)
 31435 | Spider:4 | Reached XP level 17. HP: 131/159 MP: 25/25
 31836 | Spider:4 | Got a gossamer rune of Zot
 32131 | Swamp:1  | Entered Level 1 of the Swamp
 32171 | Swamp:1  | Received a gift from Yredelemnul (a flayed ghost)
 32737 | Swamp:2  | Received a gift from Yredelemnul (a vampire knight)
 33778 | Swamp:3  | Noticed Louise
 33790 | Swamp:3  | Killed Louise
 33924 | Swamp:3  | Your ally Louise died
 33950 | Swamp:3  | Killed Bai Suzhen
 34375 | Swamp:4  | Entered Level 4 of the Swamp
 34491 | Swamp:4  | Received a gift from Yredelemnul (a vampire knight)
 34648 | Swamp:4  | Noticed Nikola
 34659 | Swamp:4  | Killed Nikola
 34673 | Swamp:4  | Noticed the 27-headed Lernaean hydra
 34678 | Swamp:4  | Received a gift from Yredelemnul (a bone dragon)
 34686 | Swamp:4  | Killed the 25-headed Lernaean hydra
 35065 | Swamp:4  | Got a decaying rune of Zot
 35576 | D:13     | Received a gift from Yredelemnul (a vampire knight)
 35642 | Depths:1 | Entered Level 1 of the Depths
 35660 | Depths:1 | Found Zats's General Store.
 35696 | Depths:1 | Bought a scroll of acquirement for 780 gold pieces
 35696 | Depths:1 | Bought a scroll of teleportation for 45 gold pieces
 35696 | Depths:1 | Acquired a manual of Stealth
 35998 | Depths:1 | Found Eplelue's Antique Armour Shop.
 36004 | Depths:1 | Bought an ancient kite shield for 342 gold pieces
 36004 | Depths:1 | Identified the +3 kite shield of the Slug {rPois Int+4}
                  | (You bought it in a shop on level 1 of the Depths)
 36070 | Depths:1 | Reached XP level 18. HP: 170/170 MP: 26/26
 36097 | Depths:1 | Identified the +6 great sword "Aphi Botisk" {flame, Dex+6}
 36114 | Depths:1 | Found a gateway to Hell.
 36125 | Depths:1 | Reached skill level 5 in Stealth
 36180 | Depths:1 | Found Jihul's Jewellery Shop.
 36180 | Depths:1 | Found Heon's Book Emporium.
 36181 | Depths:1 | Found Ewnamu's Book Emporium.
 36189 | Depths:1 | Bought the ring of Shadows {Umbra +Inv Stlth+} for 480 gold
                  | pieces
 36189 | Depths:1 | Found the ring of Shadows {Umbra +Inv Stlth+}
 36282 | Depths:1 | Identified the +10 hand axe of the Thing {vorpal, *Slow
                  | rPois Stlth+}
 36350 | Depths:1 | Found Pimevveu's General Store.
 36683 | Depths:2 | Received a gift from Yredelemnul (a bone dragon)
 36710 | Depths:2 | Found a magical portal.
 36752 | WizLab   | Entered The Chambers of the Cloud Mage
 37035 | WizLab   | Received a gift from Yredelemnul (a ghoul)
 37450 | WizLab   | Noticed Riygerim
 37600 | WizLab   | Killed Riygerim the Cloud Mage
 37679 | WizLab   | Identified the Reference Book on Flight
 37692 | WizLab   | Identified the +11 quick blade of the Sage {vamp, rC+}
 38047 | Depths:2 | Received a gift from Yredelemnul (a phantasmal warrior)
 38130 | Depths:2 | Received a gift from Yredelemnul (a vampire)
 38914 | Depths:3 | Received a gift from Yredelemnul (a flayed ghost)
 38914 | Depths:3 | Reached skill level 15 in Dodging
 38943 | Depths:3 | Found Etsilow's Weapon Shoppe.
 39017 | Depths:3 | Found Voesmy's Assorted Antiques.
 39024 | Depths:3 | Bought a shiny tower shield for 277 gold pieces
 39147 | Depths:3 | Found Gadeced's Book Shoppe.
 39371 | Depths:3 | Received a gift from Yredelemnul (a vampire)
 39525 | Depths:3 | Found Isoaqifa's General Store.
 39541 | Depths:3 | Reached XP level 19. HP: 170/179 MP: 28/28
 39557 | Depths:3 | Received a gift from Yredelemnul (a bone dragon)
 39593 | Depths:3 | Noticed a caustic shrike
 39594 | Depths:3 | Found a runed translucent door.
 39596 | Depths:3 | Identified the ring "Harinyba" {rN+ Will+}
 39596 | Depths:3 | Noticed a golden dragon
 39609 | Depths:3 | Killed a caustic shrike
 39656 | Depths:3 | Killed a golden dragon
 39686 | Depths:3 | Identified the +4 scimitar of Unpleasantness {elec, rPois}
 39832 | Depths:3 | Found a one-way gate leading to the halls of Pandemonium.
 39837 | Depths:3 | Received a gift from Yredelemnul (a flayed ghost)
 39903 | Depths:3 | Found Riucueh's Assorted Antiques.
 40502 | Depths:4 | Found a gateway to a ziggurat.
 40633 | Depths:4 | Noticed a golden dragon
 40650 | Depths:4 | Killed a golden dragon
 40669 | Depths:4 | Noticed a golden dragon
 40674 | Depths:4 | Killed a golden dragon
 41125 | Orc:2    | Bought a scroll of enchant armour for 127 gold pieces
 41257 | D:8      | Noticed Maurice
 41266 | D:8      | Killed Maurice
 41324 | D:4      | Bought a scroll of enchant armour for 105 gold pieces
 41379 | D:3      | Bought a scroll of enchant armour for 97 gold pieces
 41754 | Depths:4 | Noticed a caustic shrike
 41771 | Depths:4 | Killed a caustic shrike
 42030 | Depths:4 | Found the +6 Majin-Bo {vamp, MP+6 Int+6}
 42034 | Depths:4 | Received a gift from Yredelemnul (a phantasmal warrior)
 42178 | Depths:4 | Noticed a golden dragon
 42184 | Depths:4 | Killed a golden dragon
 42338 | Depths:4 | Found a one-way gate to the infinite horrors of the Abyss.
 42463 | Depths:5 | Entered Level 5 of the Depths
 42498 | Depths:5 | Received a gift from Yredelemnul (a skeletal warrior)
 42585 | Depths:5 | Received a gift from Yredelemnul (a skeletal warrior)
 42660 | Depths:5 | Reached XP level 20. HP: 189/189 MP: 26/29
 42712 | Depths:5 | Found a gate to the Realm of Zot.
 42792 | Depths:5 | Noticed a golden dragon
 42818 | Depths:5 | Received a gift from Yredelemnul (a profane servitor)
 42818 | Depths:5 | Killed a golden dragon
 42995 | Depths:5 | Noticed a juggernaut
 43007 | Depths:5 | Killed a juggernaut
 43623 | Vaults:1 | Entered Level 1 of the Vaults
 43722 | Vaults:1 | Reached skill level 15 in Shields
 43887 | Vaults:1 | Received a gift from Yredelemnul (a flayed ghost)
 43967 | Vaults:1 | Reached skill level 10 in Stealth
 43978 | Vaults:1 | Received a gift from Yredelemnul (a phantasmal warrior)
 44086 | Vaults:1 | Found the +9 heavy crossbow "Sniper" {vorpal, Acc+∞ SInv}
 44086 | Vaults:1 | Identified the +8 short sword of Eternity {elec, +Blink rN+
                  | Str-5}
 44107 | Vaults:1 | Identified the +0 robe "Daux" {*Drain rN+ Int+4}
 44414 | Vaults:1 | Received a gift from Yredelemnul (a bone dragon)
 45392 | Vaults:2 | Received a gift from Yredelemnul (a vampire knight)
 45465 | Vaults:2 | Found the brooch of Shielding {Spirit SH+8}
 45506 | Vaults:2 | Noticed Jory
 45520 | Vaults:2 | Killed Jory
 45879 | Vaults:2 | You fall into a shaft and drop 2 floors!
 45888 | Vaults:4 | Received a gift from Yredelemnul (a vampire)
 46133 | Vaults:4 | Received a gift from Yredelemnul (a vampire)
 46148 | Vaults:4 | Reached XP level 21. HP: 125/200 MP: 30/30
 46172 | Vaults:4 | Received a gift from Yredelemnul (a vampire)
 46369 | Vaults:4 | Identified the +0 hat of the Trout {Will- Str+5}
 46370 | Vaults:4 | Identified the +4 robe "Ryoxayte" {Dex+5}
 46378 | Vaults:4 | Found a radiant altar of Vehumet.
 46380 | Vaults:4 | Found the +4 robe of Augmentation {Str+4 Int+4 Dex+4}
 46396 | Vaults:4 | Identified the +2 hat "Vagups" {MP+9 Dex+5}
 46516 | Vaults:4 | Received a gift from Yredelemnul (a ghoul)
 46922 | Vaults:2 | Noticed Margery
 46942 | Vaults:2 | Killed Margery
 47519 | Vaults:3 | Found a staircase to the Crypt.
 47553 | Vaults:3 | Found Liceol's Book Emporium.
 47604 | Vaults:3 | Identified the +4 whip "Noxio" {drain, *Drain rPois rC+
                  | Str+3}
 47661 | Vaults:3 | Received a gift from Yredelemnul (a vampire)
 48030 | Vaults:3 | Received a gift from Yredelemnul (a ghoul)
 48180 | Vaults:3 | Reached skill level 15 in Invocations
 48826 | Vaults:4 | Received a gift from Yredelemnul (a flayed ghost)
 48902 | Vaults:4 | Noticed Xtahua
 48923 | Vaults:4 | Killed Xtahua
 49111 | Vaults:4 | Identified the +1 chain mail "Ulibeq" {rElec}
 49194 | Vaults:5 | Entered Level 5 of the Vaults
 49218 | Vaults:5 | Received a gift from Yredelemnul (a skeletal warrior)
 49219 | Vaults:5 | Noticed a dread lich
 49259 | Vaults:5 | Killed a dread lich
 49275 | Vaults:5 | Received a gift from Yredelemnul (a bone dragon)
 49276 | Vaults:5 | Reached XP level 22. HP: 181/211 MP: 32/32
 49410 | Vaults:5 | Noticed Boris
 49429 | Vaults:5 | Killed Boris
 49597 | Vaults:5 | Paralysed by a floating eye for 2 turns
 49639 | Vaults:5 | Received a gift from Yredelemnul (a vampire knight)
 49745 | Vaults:5 | Noticed Mennas
 49821 | Vaults:5 | Killed Mennas
 49930 | Vaults:5 | Identified the +1 great sword "Xiemanid" {freeze, Dex+2
                  | Stlth+}
 50300 | Vaults:5 | Received a gift from Yredelemnul (a bone dragon)
 50555 | Vaults:5 | Got a silver rune of Zot
 50576 | Vaults:5 | Found the amulet of the Four Winds {rN+ Will+++ Clar}
 50646 | Vaults:5 | Received a gift from Yredelemnul (a profane servitor)
 50742 | Vaults:5 | Noticed a golden dragon
 50750 | Vaults:5 | Killed a golden dragon
 50755 | Vaults:5 | Received a gift from Yredelemnul (a vampire)
 50987 | Vaults:5 | Noticed a dread lich
 50988 | Vaults:5 | Noticed a golden dragon
 51013 | Vaults:5 | Killed a dread lich
 51017 | Vaults:5 | Killed a golden dragon
 51039 | Vaults:5 | Identified the +5 dagger of Wufam {drain, Fragile rN+
                  | Dex+2}
 51401 | Vaults:5 | Identified the amulet of Free Expression {Regen+ Str+2}
 51452 | Vaults:5 | Identified the amulet of the Ant {Acrobat +Inv rPois Str-4}
                  | (You took it off a tengu reaver on level 5 of the Vaults)
 51495 | Vaults:5 | Noticed a dread lich
 51507 | Vaults:5 | Killed a dread lich
 51508 | Vaults:5 | Reached XP level 23. HP: 220/220 MP: 33/33
 51716 | Vaults:5 | Identified the +4 scale mail "Seesar" {Will+ Str+4}
 52654 | Elf:1    | Entered Level 1 of the Elven Halls
 52756 | Elf:1    | Found a radiant altar of Vehumet.
 53235 | Elf:1    | Found Tokkiemi's Weapon Boutique.
 54198 | Elf:2    | Received a gift from Yredelemnul (a profane servitor)
 54664 | Elf:2    | Found a runed translucent gate.
 54664 | Elf:2    | Found a runed translucent gate.
 54664 | Elf:2    | Found a runed translucent gate.
 54812 | Elf:2    | Noticed Agnes
 54817 | Elf:2    | Banished Agnes
 54828 | Elf:2    | Received a gift from Yredelemnul (a profane servitor)
 55383 | Elf:3    | Entered Level 3 of the Elven Halls
 55856 | Elf:3    | Cast into level 2 of the Abyss (deep elf death mage)
 55893 | Abyss:2  | Received a gift from Yredelemnul (a ghoul)
 56149 | Abyss:2  | Received a gift from Yredelemnul (a skeletal warrior)
 56224 | Abyss:2  | Gained mutation: Armour fits poorly on your strangely
                  | shaped body. [a neqoxec]
 56229 | Abyss:2  | Gained mutation: Your body sometimes deteriorates upon
                  | taking damage. [a neqoxec]
 56509 | Elf:3    | Escaped the Abyss
 56524 | Elf:3    | Received a gift from Yredelemnul (a bone dragon)
 56546 | Elf:3    | Received a gift from Yredelemnul (a profane servitor)
 56679 | Elf:3    | Identified the +10 battleaxe "Citeluikk" {drain, rC+ Int+5
                  | SInv Stlth-}
 56820 | Elf:3    | Identified the -3 pair of boots "Iluir" {+Blink rC- Will+
                  | Int+4}
 56912 | Elf:3    | Identified the +1 pair of boots of the Valley of Death {rC+
                  | Str+4}
 56914 | Elf:3    | Identified the +11 dagger of the Several Olives {freeze,
                  | Int+7}
 58224 | Temple   | Fell from the grace of Yredelemnul
 58224 | Temple   | Became a worshipper of the Shining One
 58593 | Crypt:1  | Entered Level 1 of the Crypt
 58688 | Crypt:1  | Reached * piety under the Shining One
 58835 | Crypt:1  | Reached ** piety under the Shining One
 59629 | Crypt:1  | Reached *** piety under the Shining One
 59668 | Crypt:1  | Reached XP level 24. HP: 231/231 MP: 34/34
 59841 | Crypt:1  | Reached **** piety under the Shining One
 60372 | Crypt:2  | Reached ***** piety under the Shining One
 60446 | Crypt:2  | Identified the +0 chain mail of a bazaar {rElec rN++
                  | Slay-3}
 60447 | Crypt:2  | Identified the +10 longbow of Cocytus {vorpal, rC+ Dex+3}
 61779 | Crypt:3  | Entered Level 3 of the Crypt
 62301 | Crypt:3  | Noticed a dread lich
 62319 | Crypt:3  | Killed a dread lich
 62509 | Crypt:3  | Reached ****** piety under the Shining One
 62560 | Crypt:3  | Identified the Handbook of Darkness
 62612 | Crypt:3  | Found an ancient bone altar of Kikubaaqudgha.
 62612 | Crypt:3  | Found a basalt altar of Yredelemnul.
 62642 | Crypt:3  | Identified the +1 demon whip "Cuhyzadwic" {speed, rPois rC+
                  | MP+9 Str+7}
 62679 | Crypt:3  | Identified Bavue's Disquisition on Flamy Bewitchment
 62987 | Crypt:3  | Found a staircase to the Tomb.
 62994 | Crypt:3  | Identified a +5 eudemon blade of holy wrath (a +3 demon
                  | blade blessed by the Shining One)
 62994 | Crypt:3  | Received a gift from the Shining One
 63234 | Crypt:3  | Identified the +7 scimitar of Makhleb's Displeasure {pain,
                  | +Blink}
 63892 | Temple   | Fell from the grace of the Shining One
 63892 | Temple   | Became a worshipper of Zin the Law-Giver
 63892 | Temple   | Reached * piety under Zin
 63892 | Temple   | Reached ** piety under Zin
 63892 | Temple   | Reached *** piety under Zin
 63892 | Temple   | Reached **** piety under Zin
 63892 | Temple   | Reached ***** piety under Zin
 64307 | Depths:4 | Voluntarily entered the Abyss.
 64307 | Abyss:1  | Noticed an ancient lich
 64311 | Abyss:1  | Killed an ancient lich
 64968 | Abyss:1  | Reached XP level 25. HP: 128/240 MP: 34/34
 66215 | Abyss:3  | Found a corrupted altar of Lugonu.
 66278 | Abyss:3  | Found a corrupted altar of Lugonu.
 66410 | Abyss:3  | Found a corrupted altar of Lugonu.
 66512 | Abyss:3  | Reached ****** piety under Zin
 66579 | Abyss:3  | Lost mutation: Your body sometimes deteriorates upon taking
                  | damage. [potion of mutation]
 66580 | Abyss:3  | Lost mutation: Armour fits poorly on your strangely shaped
                  | body. [potion of mutation]
 67204 | Abyss:4  | Paralysed by accursed screaming for 1 turns
 67306 | Abyss:4  | Was forgiven by Yredelemnul
 67682 | Abyss:4  | Paralysed by accursed screaming for 1 turns
 68743 | Abyss:4  | Reached XP level 26. HP: 244/253 MP: 34/34
 68797 | Abyss:4  | Got an abyssal rune of Zot
 68800 | Abyss:4  | Found a corrupted altar of Lugonu.
 68803 | Depths:4 | Escaped the Abyss
 69338 | Pan      | Entered Pandemonium
 69484 | Pan      | Noticed Fiqex the pandemonium lord
 69594 | Pan      | Reached skill level 15 in Stealth
 70322 | Pan      | Paralysed by a floating eye for 2 turns
 70330 | Pan      | Paralysed by a floating eye for 2 turns
 70334 | Pan      | Killed Fiqex the pandemonium lord
 70991 | Pan      | Noticed Nurosmac the pandemonium lord
 71011 | Pan      | Lost intelligence.
 71050 | Pan      | Killed Nurosmac the pandemonium lord
 71060 | Pan      | Got a demonic rune of Zot
 71771 | Pan      | Found an exit through the horrors of the Abyss.
 71936 | Pan      | Upgraded the game from 0.27-a0-668-gb5737ff2c0 to
                  | 0.27-a0-679-g77a6b55cf3
 72109 | Pan      | Noticed Alulel the pandemonium lord
 72146 | Pan      | HP: 1/255 [Brimstone Fiend/damnation (37)]
 72147 | Pan      | Zin protects you from harm!
 72151 | Pan      | Zin protects you from harm!
 72508 | Pan      | Killed Alulel the pandemonium lord
 72509 | Pan      | Reached XP level 27. HP: 253/264 MP: 35/35
 72521 | Pan      | Gained mutation: You are dopey. (Int -2) [a cacodemon]
 73707 | Pan      | Took an exit into the Abyss.
 73707 | Abyss:1  | Escaped into the Abyss
 73707 | Abyss:1  | Found a hazy altar of Hepliaklqana.
 73712 | Abyss:1  | Killed Agnes
 73779 | Abyss:1  | Noticed an ancient lich
 73782 | Abyss:1  | Paralysed by accursed screaming for 1 turns
 73787 | Depths:3 | Escaped the Abyss
 74450 | Pan      | Entered Pandemonium
 74812 | Pan      | Found a runed translucent door.
 74814 | Pan      | Found a runed translucent door.
 74816 | Pan      | Noticed Doarph the pandemonium lord
 74817 | Pan      | Found a runed translucent door.
 74824 | Pan      | Found a runed translucent door.
 75201 | Pan      | Killed Doarph the pandemonium lord
 75262 | Pan      | Identified the +3 pair of gloves of Classification {SInv}
 75271 | Pan      | Entered the realm of Cerebov.
 75560 | Pan      | Identified the +5 war axe "Esison" {speed, rN+ Int+2}
 75896 | Pan      | Identified the +2 robe of Kieraimo {Stlth+}
 75901 | Pan      | Identified the +9 trident "Lakh" {drain, *Corrode +Blink
                  | +Rage}
 75980 | Pan      | Found the +6 sword of Cerebov {flame}
 75980 | Pan      | Noticed Cerebov
 76478 | Pan      | Identified Kogokug's Volume of the Compass and Clay
 76482 | Pan      | Identified the +8 whip of Darkness {flame, Str-5 Dex+9
                  | Stlth-}
 77729 | Pan      | Killed Cerebov
 78005 | Pan      | Got a fiery rune of Zot
 78027 | Pan      | Identified the -1 helmet "Niw Abuog" {Will+ Str+3}
 78029 | Pan      | Identified Spellweaving, Part Four
 78619 | Pan      | Noticed Cekhlyf the pandemonium lord
 78628 | Pan      | Killed Cekhlyf the pandemonium lord
 79340 | Pan      | Noticed Vytav the pandemonium lord
 79403 | Pan      | Killed Vytav the pandemonium lord
 81139 | Pan      | Found a huge runed translucent gate.
 81140 | Pan      | Found a huge runed translucent gate.
 81544 | Pan      | Found a huge runed translucent gate.
 81544 | Pan      | Found a huge runed translucent gate.
 81545 | Pan      | Found a huge runed translucent gate.
 81545 | Pan      | Found a huge runed translucent gate.
 81545 | Pan      | Found a huge runed translucent gate.
 81545 | Pan      | Found a huge runed translucent gate.
 81546 | Pan      | Found a huge runed translucent gate.
 81546 | Pan      | Found a huge runed translucent gate.
 81547 | Pan      | Found a huge runed translucent gate.
 81547 | Pan      | Found a huge runed translucent gate.
 81548 | Pan      | Found a huge runed translucent gate.
 81548 | Pan      | Found a huge runed translucent gate.
 81548 | Pan      | Found a huge runed translucent gate.
 81548 | Pan      | Found a huge runed translucent gate.
 81549 | Pan      | Noticed Wewaxatz the pandemonium lord
 81549 | Pan      | Found a huge runed translucent gate.
 81549 | Pan      | Found a huge runed translucent gate.
 81549 | Pan      | Found a huge runed translucent gate.
 81549 | Pan      | Found a huge runed translucent gate.
 81549 | Pan      | Found a huge runed translucent gate.
 81586 | Pan      | Killed Wewaxatz the pandemonium lord
 81987 | Pan      | Reached skill level 27 in Long Blades
 81990 | Pan      | Noticed Qehathuu the pandemonium lord
 82006 | Pan      | Killed Qehathuu the pandemonium lord
 82083 | Pan      | Found an exit through the horrors of the Abyss.
 83025 | Pan      | Entered the realm of Gloorx Vloq.
 83028 | Pan      | Found an exit through the horrors of the Abyss.
 83364 | Pan      | Noticed Gloorx Vloq
 83379 | Pan      | Killed Gloorx Vloq
 84225 | Pan      | Identified the +7 plate armour "Qegu Byo" {Will+}
 84498 | Pan      | Got a dark rune of Zot
 84585 | Pan      | Reached skill level 27 in Fighting
 84654 | Pan      | Entered the realm of Lom Lobon.
 84888 | Pan      | Lost intelligence.
 85339 | Pan      | Noticed Lom Lobon
 85356 | Pan      | Killed Lom Lobon
 85459 | Pan      | Got a magical rune of Zot
 85651 | Pan      | Entered the realm of Mnoleg.
 85804 | Pan      | Paralysed by a floating eye for 3 turns
 85959 | Pan      | Paralysed by a floating eye for 4 turns
 85964 | Pan      | Noticed Mnoleg
 85980 | Pan      | Killed Mnoleg
 86086 | Pan      | Got a glowing rune of Zot
 86323 | Pan      | Lost intelligence.
 87022 | Pan      | Noticed Donowi Maebo the pandemonium lord
 87040 | Pan      | Killed Donowi Maebo the pandemonium lord
 87228 | Pan      | Found an exit through the horrors of the Abyss.
 87958 | Pan      | Took an exit into the Abyss.
 87958 | Abyss:1  | Escaped into the Abyss
 88022 | Abyss:1  | Found a stormy altar of Qazlal.
 88031 | Depths:3 | Escaped the Abyss
 88193 | D:15     | You paid a toll of +2 fire dragon scales to enter a
                  | treasure trove
 88194 | Trove    | Entered a treasure trove
 88201 | Trove    | Found the ring of the Tortoise {AC+8}
 88203 | Trove    | Identified the amulet "Zakyqes" {Spirit Dex+3}
 88208 | Trove    | Identified the ring of the Villain {rElec Will- Dex+8 SInv}
 88211 | Trove    | Identified the ring of the Sturgeon {Will+ MP-9 Int-2 Dex+9
                  | Slay+6}
 88213 | Trove    | Identified the ring "Teifucvu" {rF+ rC- rCorr Str+3 Dex+6}
 88230 | Trove    | Identified the ring of Day {*Drain Str+4 Dex+4 Slay+4 SInv}
 88235 | Trove    | Identified the amulet of Xom's Passing Interest {Spirit
                  | rPois rC+}
 88316 | Hell     | Entered the Vestibule of Hell
 88352 | Hell     | Noticed Murray
 88453 | Hell     | Killed Murray
 88473 | Hell     | Noticed Geryon
 88492 | Hell     | Found a gateway to the freezing wastes of Cocytus.
 88494 | Hell     | Killed Geryon
 88690 | Hell     | Found a gateway to the Iron City of Dis.
 88811 | Hell     | Found a gateway to the ashen valley of Gehenna.
 88859 | Hell     | Found a gateway to the decaying netherworld of Tartarus.
 89018 | Coc:1    | Entered Level 1 of Cocytus
 90687 | Coc:2    | Reached skill level 27 in Shields
 92184 | Coc:3    | Found a huge runed gate.
 92184 | Coc:3    | Found a huge runed gate.
 92186 | Coc:3    | Found a huge runed gate.
 92187 | Coc:3    | Found a huge runed gate.
 92187 | Coc:3    | Found a huge runed gate.
 92187 | Coc:3    | Found a huge runed gate.
 92188 | Coc:3    | Found a huge runed gate.
 92188 | Coc:3    | Found a huge runed gate.
 92223 | Coc:3    | Noticed an ancient lich
 92224 | Coc:3    | Noticed a dread lich
 92234 | Coc:3    | Killed an ancient lich
 92246 | Coc:3    | Killed a dread lich
 93707 | Coc:5    | Reached skill level 27 in Armour
 96051 | Coc:7    | Entered Level 7 of Cocytus
 96120 | Coc:7    | HP: 9/273 [titan zombie (17)]
 96713 | Coc:7    | Identified the +5 dire flail of the Fool {drain, Will+
                  | SInv}
 97256 | Coc:7    | Noticed Antaeus
 97292 | Coc:7    | Killed Antaeus
 97394 | Coc:7    | Got an icy rune of Zot
 97771 | Coc:7    | Identified the +5 hand axe "Killer Bee's Peril" {vorpal,
                  | rC+ rN+ Will-}
 97772 | Coc:7    | Identified the +1 plate armour of Objectivity {Harm}
 97777 | Coc:7    | Identified the +2 pair of gloves of Hegigomis {Will+ Int+4}
 98178 | Dis:1    | Entered Level 1 of the Iron City of Dis
 98938 | Dis:2    | You fall into a shaft and drop 1 floor!
102206 | Dis:6    | Reached skill level 27 in Invocations
102602 | Dis:6    | Reached skill level 27 in Dodging
103007 | Dis:7    | Entered Level 7 of the Iron City of Dis
103617 | Dis:7    | Identified the ring "Zuopresu" {rN+ Will+ Int+7 SInv}
103758 | Dis:7    | Identified the ring "Becaas" {Wiz rC- Str+4}
104736 | Dis:7    | Found the +4 staff of Dispater
104736 | Dis:7    | Noticed Dispater
105327 | Dis:7    | Killed Dispater
105362 | Dis:7    | Identified the +7 broad axe of Cheibriados's Anger {vorpal,
                  | rC- rN+ Dex+5}
105363 | Dis:7    | Identified the +3 pair of gloves of Greed {rPois Str+2}
105367 | Dis:7    | Got an iron rune of Zot
105559 | Tar:1    | Entered Level 1 of Tartarus
112263 | Tar:7    | Entered Level 7 of Tartarus
112931 | Tar:7    | Noticed an ancient lich
112936 | Tar:7    | Killed an ancient lich
112937 | Tar:7    | Noticed an ancient lich
112945 | Tar:7    | Killed an ancient lich
112968 | Tar:7    | Identified the +9 chain mail of Leddus {Regen+ Str+6 Slay-4
                  | SInv}
113008 | Tar:7    | Identified the Incunabulum of Moulding and the Entourage
113257 | Tar:7    | Reached skill level 27 in Stealth
113358 | Tar:7    | Noticed Ereshkigal
113372 | Tar:7    | Killed Ereshkigal
113373 | Tar:7    | Reached skill level 1 in Axes
113373 | Tar:7    | Reached skill level 1 in Maces & Flails
113373 | Tar:7    | Reached skill level 1 in Polearms
113373 | Tar:7    | Reached skill level 1 in Staves
113373 | Tar:7    | Reached skill level 1 in Crossbows
113428 | Tar:7    | Got a bone rune of Zot
113617 | Geh:1    | Entered Level 1 of Gehenna
113634 | Geh:1    | Reached skill level 1 in Evocations
113641 | Geh:1    | Reached skill level 1 in Unarmed Combat
113641 | Geh:1    | Reached skill level 1 in Earth Magic
113648 | Geh:1    | Reached skill level 1 in Slings
113651 | Geh:1    | Reached skill level 1 in Short Blades
113651 | Geh:1    | Reached skill level 1 in Bows
113666 | Geh:1    | Reached skill level 1 in Throwing
113694 | Geh:1    | Reached skill level 1 in Transmutations
113716 | Geh:1    | Reached skill level 1 in Ice Magic
113716 | Geh:1    | Reached skill level 1 in Air Magic
113733 | Geh:1    | Reached skill level 1 in Poison Magic
113774 | Geh:1    | Reached skill level 1 in Translocations
113779 | Geh:1    | Reached skill level 1 in Conjurations
113799 | Geh:1    | Reached skill level 1 in Hexes
113806 | Geh:1    | Reached skill level 1 in Summonings
113808 | Geh:1    | Reached skill level 1 in Necromancy
113869 | Geh:1    | Reached skill level 1 in Fire Magic
114191 | Geh:1    | Reached skill level 1 in Spellcasting
116469 | Geh:3    | You fall into a shaft and drop 1 floor!
116919 | Geh:4    | Reached skill level 5 in Staves
117031 | Geh:4    | Reached skill level 5 in Maces & Flails
117878 | Geh:5    | Reached skill level 5 in Crossbows
119486 | Geh:7    | Entered Level 7 of Gehenna
120001 | Geh:7    | Found the +7 sceptre of Asmodeus
120001 | Geh:7    | Noticed Asmodeus
120020 | Geh:7    | Killed Asmodeus
120048 | Geh:7    | Got an obsidian rune of Zot
120176 | Geh:7    | Reached skill level 5 in Throwing
120522 | Geh:7    | Identified the +10 scimitar of Action {drain, Dex+4}
121133 | Geh:7    | Reached skill level 10 in Throwing
122339 | Slime:1  | Entered Level 1 of the Pits of Slime
122586 | Slime:2  | Paralysed by a floating eye for 3 turns
122602 | Slime:2  | Paralysed by a floating eye for 2 turns
123465 | Slime:5  | Entered Level 5 of the Pits of Slime
123602 | Slime:5  | Noticed the Royal Jelly
123620 | Slime:5  | Killed the Royal Jelly
123866 | Slime:5  | Found the +4 moon troll leather armour {Spirit, Regen++
                  | MP+5}
123906 | Slime:5  | Identified the Volume of Floating Snow
123953 | Slime:5  | Identified the +10 mace of Growth {vorpal, Will+ Stlth+}
123973 | Slime:5  | Got a slimy rune of Zot
124125 | Slime:5  | Reached skill level 15 in Throwing
125044 | Tomb:1   | Entered Level 1 of the Tomb of the Ancients
125667 | Tomb:1   | Identified the +3 scimitar "Qirubokh" {freeze, *Drain rElec
                  | rC+ Stlth+}
125681 | Tomb:1   | Noticed a royal mummy
125801 | Tomb:1   | Noticed a royal mummy
125816 | Tomb:1   | Killed a royal mummy
125850 | Tomb:1   | Killed a royal mummy
126060 | Tomb:1   | Identified the Incunabulum of Beguiling and the Mountains
126157 | Tomb:2   | Noticed a royal mummy
126167 | Tomb:2   | Noticed a royal mummy
126169 | Tomb:2   | Killed a royal mummy
126376 | Tomb:2   | Noticed a royal mummy
126378 | Tomb:2   | Killed a royal mummy
126379 | Tomb:2   | Identified the Compendium of Twisted Dark Arts
126384 | Tomb:2   | Killed a royal mummy
126387 | Tomb:2   | Noticed a royal mummy
126395 | Tomb:2   | Killed a royal mummy
126848 | Tomb:1   | Noticed a royal mummy
126848 | Tomb:1   | Noticed a royal mummy
126854 | Tomb:1   | Noticed a royal mummy
126854 | Tomb:1   | Noticed a royal mummy
126855 | Tomb:1   | Noticed a royal mummy
126855 | Tomb:1   | Noticed a royal mummy
126857 | Tomb:1   | Killed a royal mummy
126875 | Tomb:1   | Noticed a royal mummy
126882 | Tomb:1   | Killed a royal mummy
126887 | Tomb:1   | Noticed a royal mummy
126894 | Tomb:1   | Killed a royal mummy
126910 | Tomb:1   | Noticed a royal mummy
127150 | Tomb:1   | Killed a royal mummy
127155 | Tomb:1   | Killed a royal mummy
127161 | Tomb:1   | Killed a royal mummy
127188 | Tomb:1   | Noticed a royal mummy
127193 | Tomb:1   | Killed a royal mummy
127198 | Tomb:1   | Killed a royal mummy
127221 | Tomb:1   | Killed a royal mummy
127360 | Tomb:1   | Noticed a royal mummy
127369 | Tomb:1   | Killed a royal mummy
127372 | Tomb:1   | Noticed a royal mummy
127373 | Tomb:1   | Noticed a royal mummy
127521 | Tomb:1   | Killed a royal mummy
127528 | Tomb:1   | Noticed a royal mummy
127535 | Tomb:1   | Killed a royal mummy
127542 | Tomb:1   | Killed a royal mummy
127704 | Tomb:1   | Noticed a royal mummy
127711 | Tomb:1   | Killed a royal mummy
127774 | Tomb:1   | Killed a royal mummy
128359 | Tomb:3   | Entered Level 3 of the Tomb of the Ancients
128371 | Tomb:3   | Noticed a royal mummy
128371 | Tomb:3   | Noticed a royal mummy
128372 | Tomb:3   | Noticed Boris
128576 | Tomb:3   | Killed a royal mummy
128577 | Tomb:3   | Noticed a royal mummy
128580 | Tomb:3   | Killed a royal mummy
128586 | Tomb:3   | Noticed a royal mummy
128589 | Tomb:3   | Killed a royal mummy
128753 | Tomb:3   | Killed Boris
128961 | Tomb:3   | Noticed a royal mummy
128965 | Tomb:3   | Noticed a royal mummy
128967 | Tomb:3   | Noticed a royal mummy
128970 | Tomb:3   | HP: 10/267 [royal mummy/divine providence (12)]
128992 | Tomb:3   | Noticed a royal mummy
128998 | Tomb:3   | Killed a royal mummy
129050 | Tomb:3   | Killed a royal mummy
129071 | Tomb:3   | Killed a royal mummy
129079 | Tomb:3   | Killed a royal mummy
129302 | Tomb:3   | Killed a royal mummy
129339 | Tomb:3   | Identified the +3 scale mail of Living Salvation {*Drain
                  | rElec Int+9 Dex-5}
129542 | Tomb:3   | Identified the ring of Extoqiej {+Fly rC- rN+ Dex+7 Slay-4}
129552 | Tomb:3   | Identified the ring of Skepticism {rElec Str+6 Int+3}
129557 | Tomb:3   | Identified the +9 battleaxe of Evolution {flame, rF+}
129577 | Tomb:3   | Identified the ring of Dahass {+Inv rF+ rCorr Str+5}
129642 | Tomb:3   | Got a golden rune of Zot
130230 | Zig:1    | Entered Level 1 of a ziggurat
130248 | Zig:1    | Identified the +0 pair of boots "Decket" {rCorr Str+2
                  | Int+4}
130253 | Zig:2    | Entered Level 2 of a ziggurat
130275 | Zig:3    | Entered Level 3 of a ziggurat
130302 | Zig:3    | Identified the Disquisition on Companions
130318 | Zig:4    | Entered Level 4 of a ziggurat
130353 | Zig:4    | Identified the +6 chain mail of the Lobster {rF+ rC- rN++
                  | Int+3}
130357 | Zig:5    | Entered Level 5 of a ziggurat
130383 | Zig:5    | Identified the Papyrus of the Noxious Volcanoes
130392 | Zig:5    | Was placed under penance by Zin
130567 | Zig:1    | Entered Level 1 of a ziggurat
130571 | Zig:1    | Was forgiven by Zin
130583 | Zig:2    | Entered Level 2 of a ziggurat
130598 | Zig:3    | Entered Level 3 of a ziggurat
130764 | Zig:4    | Entered Level 4 of a ziggurat
130789 | Zig:4    | Identified the +7 hand axe of Conformity {elec, Dex+2}
130802 | Zig:5    | Entered Level 5 of a ziggurat
130810 | Zig:5    | Reached skill level 5 in Bows
130852 | Zig:5    | Acquired 1222 gold pieces
130857 | Zig:6    | Entered Level 6 of a ziggurat
130868 | Zig:6    | Identified the +7 arbalest of Drought {venom, rElec}
130889 | Zig:6    | Identified the +1 robe of Courage {Str-3 Int+7 Dex-4}
130893 | Zig:7    | Entered Level 7 of a ziggurat
130934 | Zig:7    | Identified the amulet "Dabibini" {+Blink rN+ Will+++ Regen+
                  | MP-9}
130950 | Zig:7    | Identified the Papyrus of Floating Poisoning
131033 | Zig:8    | Entered Level 8 of a ziggurat
131040 | Zig:8    | Found the +2 robe of Vines {NoPotionHeal Regen+++}
131053 | Zig:8    | Identified the +1 leather armour of Rycsizuo {SInv}
131067 | Zig:8    | Identified the +5 dagger "Sawogoah" {vorpal, rN+}
131067 | Zig:8    | Identified the +2 leather armour of Fortitude {rElec rF-
                  | rC+++ Int+3}
131070 | Zig:8    | Identified the Tome of the Twelve Artists
131076 | Zig:8    | Identified the ring "Qygraaj" {Ice Int-3 Dex+3 Slay+5
                  | Stlth+}
131089 | Zig:9    | Entered Level 9 of a ziggurat
131092 | Zig:9    | Paralysed by accursed screaming for 1 turns
131097 | Zig:9    | Noticed a royal mummy
131097 | Zig:9    | Noticed a royal mummy
131097 | Zig:9    | Noticed a royal mummy
131098 | Zig:9    | Found the -2 hat of the Alchemist {rElec rPois rF+ rC+ rN+
                  | Will+ rMut rCorr}
131102 | Zig:9    | Identified the +5 rapier "Ubbenem" {drain, rN+}
131118 | Zig:9    | Killed a royal mummy
131120 | Zig:9    | Killed a royal mummy
131126 | Zig:9    | Killed a royal mummy
131149 | Zig:10   | Entered Level 10 of a ziggurat
131313 | Zig:10   | Identified the +5 arbalest of the Pure Leylines {speed,
                  | +Blink MP+9 SInv Stlth-}
131325 | Zig:10   | Identified the +0 scale mail of Piunah {rCorr Dex+4 Stlth+}
131341 | Zig:11   | Entered Level 11 of a ziggurat
131346 | Zig:11   | Noticed a royal mummy
131347 | Zig:11   | Noticed a royal mummy
131349 | Zig:11   | Noticed a royal mummy
131351 | Zig:11   | Found the necklace of Bloodlust {*Rage +Rage Will++ Int-3
                  | Slay+6}
131355 | Zig:11   | Killed a royal mummy
131361 | Zig:11   | Killed a royal mummy
131365 | Zig:11   | Killed a royal mummy
131385 | Zig:11   | Identified the +6 scythe "Ishrecos" {holy, +Rage Will+++
                  | Dex-3 Stlth+}
131398 | Zig:12   | Entered Level 12 of a ziggurat
131410 | Zig:12   | Noticed Pouczas the pandemonium lord
131412 | Zig:12   | Noticed Kuabisyx the pandemonium lord
131423 | Zig:12   | Killed Kuabisyx the pandemonium lord
131432 | Zig:12   | Killed Pouczas the pandemonium lord
131623 | Zig:12   | Identified Sif Muna's Disquisition on the Birds
131629 | Zig:12   | Identified the Almanac of the Doomed Blaze
131634 | Zig:12   | Identified the Papyrus of the Glacial Compass
131647 | Zig:13   | Entered Level 13 of a ziggurat
131664 | Zig:13   | Noticed a royal mummy
131664 | Zig:13   | Noticed a royal mummy
131664 | Zig:13   | Noticed a royal mummy
131665 | Zig:13   | Noticed a royal mummy
131679 | Zig:13   | Killed a royal mummy
131686 | Zig:13   | HP: 18/409 [something (13)]
131689 | Zig:13   | HP: 4/409 [royal mummy/divine providence (11)]
131691 | Zig:13   | Zin protects you from harm!
131691 | Zig:13   | Killed from afar by a royal mummy

Illustrated notes

Levels and vault maps discovered:
D:1:      minmay_arrival_jagged, layout_basic
D:2:      minmay_razor_zed, layout_loops_ring,
          nzn_overflow_gifts_of_might_and_magic, grunt_qazlal_sundering
D:3:      layout_basic, minitemple, serial_shops, shop
D:4:      layout_cave_pools, nicolae_overflow_crystal_walls, serial_shops, shop,
          uniq_ijyb, uniq_pikel, uniq_crazy_yiuf_cottage
D:5:      layout_basic, serial_glass, glass_columns_a, glass_columns_c,
          glass_columns_a, glass_columns_a, glass_columns_c, uniq_edmund
D:6:      layout_loops_ring, old_standard_altar, minmay_temple_entry_nine_rooms,
          gammafunk_ghost_cemetery, uniq_grinder, uniq_menkaure
D:7:      layout_loops_ring, grunt_temple_overflow_opulence, serial_shops, shop
D:8:      layout_cave_pools, kennysheep_little_box, dpeg_oklobed_lair,
          minmay_manual_mandibuliform, uniq_maurice
D:9:      layout_long_grid, general_overflow_altar, basic_altar
D:10:     layout_loops_ring, basic_altar, grunt_tough_drop
D:11:     layout_long_grid, erik_orc_2, hangedman_decor_lopped,
          lemuel_nasty_fountain
D:12:     layout_roguey, small_statue_intersection
D:13:     layout_basic, david_vaults_5, minmay_misc_feat_rows, uniq_erolcha,
          uniq_rupert
D:14:     layout_basic, hangedman_decor_push, gammafunk_ghost_wrathful_warriors,
          okawaru_ov_weapons_minmay
D:15:     hangedman_depths_entry_civil_slaughter, layout_cave_pools,
          nicolae_trove_entry_columns, nicolae_qazlal_scattered_showers,
          st_stairs_2, corexii_corridor_pit, minivault_10,
          serial_bayou_lagoon_a, hangedman_aviary
Temple:   nicolae_temple_figure_zero
Lair:1:   layout_loops_ring, uniq_urug
Lair:2:   layout_regular_city, hangedman_lair_generics_rect,
          minmay_lair_oklob_chamber, uniq_gastronok, uniq_sonja
Lair:3:   nzn_winding_woodlands_medium [nzn_winding_woodlands_5x5_three,
          nzn_winding_woodlands_5x15_pockets, nzn_winding_woodlands_5x5_cross,
          nzn_winding_woodlands_5x5_default,
          nzn_winding_woodlands_center_triple_pond,
          nzn_winding_woodlands_5x5_closed_star,
          nzn_winding_woodlands_5x5_default, nzn_winding_woodlands_5x15_cabin,
          nzn_winding_woodlands_5x5_open_star], layout_regular_city,
          gauntlet_entry_generic, serial_forest, infiniplex_forest_straight_3,
          infiniplex_forest_lined_2, infiniplex_forest_straight_2,
          infiniplex_forest_clump_large, grunt_forest_small_clearings
Lair:4:   layout_regular_city, skrybe_swamp_entry_bodies,
          nicolae_spider_entry_tight_spaces, gammafunk_ghost_cemetery,
          lemuel_fruit_fields
Lair:5:   layout_big_grid
Lair:6:   minmay_lair_end_frog_pond, layout_regular_city, slime_altar_2,
          chequers_serial_rivers_small_3, minmay_hedge_maze,
          minmay_lair_drake_nest
Swamp:1:  layout_falls_marsh, evilmike_swamp_ruin_house_2
Swamp:2:  layout_basic_swamp, evilmike_swamp_ruin_rubble_1, swamp_pool1,
          kb_tengu_band, infiniplex_staircase_pool
Swamp:3:  layout_basic_swamp, nicolae_swamp_tree_designs, swamp_pool2,
          hangedman_swamp_cone, st_swamp_mini, uniq_mara, uniq_bai_suzhen,
          uniq_louise
Swamp:4:  swamp_old_school, layout_basic_swamp, swamp_pool3, uniq_nikola
Spider:1: layout_chambers, zaba_anthell, uniq_asterion
Spider:2: layout_spider_delve, nicolae_crawler_farm, uniq_arachne
Spider:3: layout_spider_delve, guppyfry_hornet_nest
Spider:4: guppyfry_spider_rune
Slime:1:  layout_caves, cheibrodos_slime_lost_civilization_4
Slime:2:  layout_caves
Slime:3:  layout_caves
Slime:4:  layout_caves, nicolae_slime_barrier
Slime:5
Orc:1:    layout_caves, serial_shops, shop_fountains, abandoned_shop,
          sword_in_stone
Orc:2:    kennysheep_orc_mage_school, layout_caves, serial_shops,
          nicolae_shop_temple_entry_statues_fountains, uniq_saint_roka
Elf:1:    eino_elf_arrival_altar, layout_loops_cross, serial_shops, shop,
          hangedman_elf_disciples
Elf:2:    layout_loops_corners, drop_trap, lemuel_flame_loot_1, uniq_agnes
Elf:3:    elf_hall, layout_gridlike, minmay_misc_feat_five
Vaults:1: vaults_room_hallway, nicolae_vaults_asterisk,
          nicolae_vaults_specimen_jars, ontoclasm_vaults_ring_square, v_misc_28,
          minmay_guarded_unrand_secular_launcher, nicolae_vaults_shelves_hall,
          layout_vaults_chaotic_city, portal_desolation_entry_nicolae_nacl
Vaults:2: v_rooms_6, st_spiral_rooms, vaults_room_corners,
          hangedman_vaults_stagger, ontoclasm_vaults_spin, v_misc_8,
          nicolae_vaults_ring_of_whatevers, hangedman_vaults_impose,
          hangedman_vaults_stream, vaults_dpeg_doors, nicolae_vaults_gold_heap,
          nicolae_vaults_theta, v_pattern_2, layout_vaults_big_cross, uniq_jory,
          uniq_margery
Vaults:3: grunt_vaults_bifocal, v_misc_29, nicolae_vaults_alarming,
          v_alt_pattern_4, nicolae_vaults_triangles,
          nicolae_vaults_diagonal_hallway_7, minmay_crypt_entry_simple_sparse,
          v_misc_26, nicolae_vaults_circle_grid_a, hangedman_vaults_capsules,
          ontoclasm_vaults_shout, hangedman_vaults_trim,
          vaults_mumra_chevron_long, layout_vaults_maze_snakey, serial_shops,
          shop
Vaults:4: grunt_vaults_hallway_short, vaults_standard_mumra_x, v_misc_15,
          v_misc_30, grunt_tower_of_power, ontoclasm_vaults_claustrophobia,
          nicolae_vaults_rhombus_7, nicolae_vaults_disjoint_gnomons,
          hangedman_vaults_snaps, ontoclasm_vaults_ring_small, v_misc_9,
          layout_vaults_omnibox, uniq_xtahua
Vaults:5: uniq_mennas, uniq_boris
Crypt:1:  layout_misc_corridors, grunt_megastairs_2
Crypt:2:  layout_catacombs, beargit_elvish_explorers
Crypt:3:  lightli_unholy_cathedral, layout_chaotic_city,
          nicolae_tomb_entry_unfolded_pyramid_diagonal
Tomb:1
Tomb:2
Tomb:3
Depths:1: layout_gridlike, minmay_holes, hell_entry, serial_shops, shop_statue,
          shop, nicolae_shop_overgrown_old_shop, kennysheep_generic_room_4,
          grunt_megastairs_4, minmay_shop_grove
Depths:2: dpeg_oklob_gauntlet, layout_gridlike, pf_coc_iceberg,
          infiniplex_enter_wizlab_glasses
Depths:3: minmay_gate_of_8, layout_long_grid, serial_shops, shop,
          nicolae_shop_behind_doors, nicolae_shop_statue_plus, hell_entry,
          serial_bayou_shore_a, rand_demon_pan_entry_9, firewood_loft,
          infiniplex_staircase_river, minmay_shop_star, serial_bayou_shore_b
Depths:4: minmay_swirls_squares, layout_basic, enter_ziggurat_b, hell_entry,
          abyss_entry_crystal, serial_bayou_shore_b,
          minmay_staircase_windowed_small
Depths:5: grunt_zot_entry_pinwheel, layout_cave_pools, minmay_door_square,
          hellmouth_1
Hell
Dis:1:    layout_chaotic_city
Dis:2:    lemuel_mystery_crypt, layout_regular_city
Dis:3:    layout_chaotic_city
Dis:4:    layout_chaotic_city
Dis:5:    layout_gridville
Dis:6:    layout_chaotic_city, nrook_loot_triangle, hangedman_dis_decor_tower,
          nicolae_dis_lava_storage_tank
Dis:7:    dis_st
Geh:1:    layout_gehenna_pools_basic
Geh:2:    layout_gehenna_lava_caves
Geh:3:    layout_gehenna_pools_triple, minmay_fire_ice_demons
Geh:4:    layout_gehenna_lava_caves
Geh:5:    layout_gehenna_lava_caves
Geh:6:    layout_gehenna_pools_triple
Geh:7:    geh_hangedman
Coc:1:    layout_cocytus_water_paths
Coc:2:    layout_cocytus_water_paths
Coc:3:    layout_cocytus_delve, door_vault
Coc:4:    layout_cocytus_water_paths
Coc:5:    layout_cocytus_water_paths
Coc:6:    layout_cocytus_water_paths
Coc:7:    coc_dpeg
Tar:1:    layout_cathedral_of_symmetry, hangedman_tartarus_temple_path
Tar:2:    layout_honeycomb
Tar:3:    layout_grid_maze
Tar:4:    layout_cathedral_of_symmetry, nicolae_tar_cuneiform_bread
Tar:5:    layout_catacombs
Tar:6:    layout_catacombs
Tar:7:    tar_old
Zig:13

Skill      XL: |  1  2  3  4  5  6  7  8  9 10 11 12 13 14 15 16 17 18 19 20 21 22 23 24 25 26 27 |
---------------+----------------------------------------------------------------------------------+-----
Fighting       | 4 5 6 7 9 10 12 13 14 15 16 17 18 19 20 21 22 23 24 27 | 27.0
Armour         | 4 5 6 7 9 10 11 12 14 15 16 17 18 19 20 21 22 27 | 27.0
Shields        | 4 5 6 7 8 10 11 12 13 14 15 16 17 18 19 20 21 27 | 27.0
Dodging        | 1 2 3 4 5 6 7 8 9 10 12 14 15 16 17 18 19 20 27 | 27.0
Long Blades    | 3 4 6 7 9 10 12 15 16 17 18 19 20 21 22 23 24 25 27 | 27.0
Invocations    | 1 3 4 5 6 7 8 9 10 12 13 14 15 16 17 18 27 | 27.0
Stealth        | 1 2 3 4 7 9 11 12 13 14 15 27 | 27.0
Axes           | 4 |  4.8
Maces & Flails | 7 |  7.4
Polearms       | 4 |  4.9
Staves         | 7 |  7.8
Crossbows      | 6 |  6.4
Evocations     | 4 |  4.0
Unarmed Combat | 4 |  4.3
Earth Magic    | 3 |  3.7
Slings         | 4 |  4.2
Short Blades   | 4 |  4.2
Bows           | 5 |  5.0
Throwing       | 25 | 25.6
Transmutations | 3 |  3.7
Ice Magic      | 3 |  3.2
Air Magic      | 3 |  3.5
Poison Magic   | 3 |  3.5
Translocations | 3 |  3.1
Conjurations   | 3 |  3.3
Hexes          | 2 |  2.7
Summonings     | 3 |  3.1
Necromancy     | 3 |  3.1
Fire Magic     | 3 |  3.1
Spellcasting   | 3 |  3.0

Action                   |  1- 3 |  4- 6 |  7- 9 | 10-12 | 13-15 | 16-18 | 19-21 | 22-24 | 25-27 || total
-------------------------+-------+-------+-------+-------+-------+-------+-------+-------+-------++-------
Melee: Long sword        |    56 |   236 |   148 |   172 |    30 |    47 |       |   992 |       ||  1681
       Headbutt          |     8 |    34 |    33 |   166 |   327 |   419 |   621 |  1048 |  4239 ||  6895
       Demon blade       |       |       |       |   501 |  1122 |  1259 |  1410 |  1112 |       ||  5404
       Eudemon blade     |       |       |       |       |       |       |       |   198 | 10923 || 11121
Throw: Boomerang         |       |       |       |       |       |       |       |       |     2 ||     2
Invok: Animate Dead      |       |       |       |     9 |    59 |    94 |    65 |    45 |       ||   272
       Recall Undead Sla |       |       |       |     2 |    13 |    11 |    10 |     5 |       ||    41
       Drain Life        |       |       |       |       |     2 |     3 |     4 |     7 |       ||    16
       Injury Mirror     |       |       |       |       |       |       |       |     1 |       ||     1
       Divine Shield     |       |       |       |       |       |       |       |     7 |       ||     7
       Cleansing Flame   |       |       |       |       |       |       |       |     8 |       ||     8
       Summon Divine War |       |       |       |       |       |       |       |     1 |       ||     1
       Brand Weapon With |       |       |       |       |       |       |       |     1 |       ||     1
       Recite            |       |       |       |       |       |       |       |       |    94 ||    94
       Sanctuary         |       |       |       |       |       |       |       |       |    30 ||    30
       Vitalisation      |       |       |       |       |       |       |       |       |    23 ||    23
Evoke: Figurine of a zig |       |       |       |       |       |       |       |       |     1 ||     1
  Use: Scroll            |       |     9 |     7 |    11 |     5 |     6 |    11 |     5 |    47 ||   101
       Potion            |       |     1 |     1 |     1 |       |     5 |     1 |     5 |    45 ||    59
 Stab: Distracted        |       |       |       |     3 |    20 |    27 |    39 |    26 |    43 ||   158
       Paralysed         |       |       |       |       |       |     3 |     4 |       |    29 ||    36
       Sleeping          |       |       |       |       |       |     8 |     2 |       |    32 ||    42
       Invisible         |       |       |       |       |       |       |       |     1 |     5 ||     6
       Petrifying        |       |       |       |       |       |       |       |       |     1 ||     1
       Confused          |       |       |       |       |       |       |       |       |   108 ||   108
Armor: Scale mail        |    20 |   101 |    43 |   111 |       |       |       |       |       ||   275
       Skin              |       |     4 |       |       |       |       |       |       |       ||     4
       Plate armour      |       |       |       |   129 |   483 |   738 |    76 |       |       ||  1426
       Gold dragon scale |       |       |       |       |       |       |   477 |   955 |  2482 ||  3914
Dodge: Dodged            |    17 |    86 |    41 |   303 |   491 |   730 |   467 |   919 |  5214 ||  8268
Block: Kite shield       |    22 |    69 |       |       |   363 |   985 |   918 |  1904 |  9119 || 13380
       Buckler           |       |    27 |    26 |   131 |   142 |       |       |       |       ||   326
       Rpst.: Long sword |     4 |    18 |    10 |    20 |     2 |     4 |       |    80 |       ||   138
       Demon blade       |       |       |       |    62 |   120 |   105 |    88 |    76 |       ||   451
       Eudemon blade     |       |       |       |       |       |       |       |     5 |   859 ||   864

Table legend: (Time is in decaauts)
 A = Elapsed time spent in this place.
 B = Non-inter-level travel time spent in this place.
 C = Inter-level travel time spent in this place.
 D = Time resting spent in this place.
 E = Time spent auto-exploring this place.
 F = Levels seen in this place.
 G = Mean time per level.
                   A        B        C        D        E       F      G
               +--------+--------+--------+--------+--------+-----+--------+
         Total | 136195 | 123996 |  12199 |    958 |  92450 | 127 | 1072.4 |
       Dungeon |  24149 |  19325 |   4824 |     12 |  15734 |  15 | 1609.9 |
        Temple |    206 |    144 |     62 |      0 |    102 |   1 |  206.0 |
          Lair |   8243 |   7143 |   1100 |      0 |   5728 |   6 | 1373.8 |
         Swamp |   4584 |   4177 |    407 |      0 |   3639 |   4 | 1146.0 |
   Spider Nest |   4080 |   3949 |    131 |      8 |   3031 |   4 | 1020.0 |
    Slime Pits |   2068 |   2009 |     59 |      0 |   1435 |   5 |  413.6 |
  Orcish Mines |   1964 |   1660 |    304 |    157 |   1174 |   2 |  982.0 |
   Elven Halls |   4559 |   4343 |    216 |     38 |   3511 |   3 | 1519.7 |
        Vaults |  10003 |   8529 |   1474 |      0 |   5912 |   5 | 2000.6 |
         Crypt |   4650 |   4328 |    322 |      0 |   3050 |   3 | 1550.0 |
          Tomb |   4733 |   4253 |    480 |      2 |   2966 |   3 | 1577.7 |
        Depths |  10125 |   8347 |   1778 |     21 |   6927 |   5 | 2025.0 |
          Hell |    766 |    671 |     95 |      2 |    444 |   1 |  766.0 |
           Dis |   6747 |   6520 |    227 |     17 |   4566 |   7 |  963.9 |
       Gehenna |   7858 |   7645 |    213 |      0 |   5832 |   7 | 1122.6 |
       Cocytus |   8591 |   8398 |    193 |     22 |   6102 |   7 | 1227.3 |
      Tartarus |   7600 |   7292 |    308 |      0 |   5663 |   7 | 1085.7 |
         Abyss |   4758 |   4758 |      0 |     51 |   2806 |   7 |  679.7 |
   Pandemonium |  17347 |  17347 |      0 |    395 |  12280 |  14 | 1239.1 |
      Ziggurat |   1187 |   1187 |      0 |    131 |    358 |  18 |   65.9 |
         Trove |     52 |     52 |      0 |      0 |      6 |   1 |   52.0 |
        Wizlab |   1084 |   1084 |      0 |    102 |    579 |   1 | 1084.0 |
      Gauntlet |    829 |    829 |      0 |      0 |    598 |   1 |  829.0 |
               +--------+--------+--------+--------+--------+-----+--------+

Top non-repeatable levels by time:
Depths:4: 3272 daAuts
    D:11: 2986 daAuts
Vaults:5: 2931 daAuts
    D:14: 2460 daAuts
   Geh:7: 2350 daAuts
     D:6: 2346 daAuts
  Tomb:1: 2306 daAuts
   Dis:7: 2296 daAuts
Vaults:2: 2163 daAuts
   Coc:7: 2019 daAuts
Vaults:1: 1964 daAuts
 Crypt:2: 1936 daAuts
Depths:1: 1885 daAuts
Depths:2: 1876 daAuts
    D:13: 1843 daAuts
